 Dungeon Crawl Stone Soup version 0.27-a0-543-gd81048afd2 (webtiles) character file.

Game seed: 13862809845609982546

1327284 EnegeticOcto the Blood Saint (level 27, -1/309 HPs)
             Began as a Demonspawn Fire Elementalist on Mar 6, 2021.
             Was the Champion of Makhleb.
             Slain by a death scarab (3 damage)
             ... summoned by Khufu
             ... while paralysed by a Zot trap
             ... on level 3 of the Tomb of the Ancients on Mar 7, 2021.
             The game lasted 03:13:01 (73900 turns).

EnegeticOcto the Blood Saint (DsFE)                Turns: 73900, Time: 03:13:01

Health: -1/309     AC: 42    Str: 15      XL:     27
Magic:  44/44      EV:  2    Int: 40      God:    Makhleb [******]
Gold:   3003       SH:  0    Dex: 26 (27) Spells: 5/60 levels left

rFire    . . .     SeeInvis +     - Unarmed
rCold    + + .     Faith    .   k - +7 tower shield "Boqili" {Rampage rN+ Str-3 Stlth+}
rNeg     + + +     Spirit   .   (armour currently unavailable)
rPois    ∞         Reflect  .   g - +2 helmet {Int+3}
rElec    +         Harm     .   O - +2 cloak {rCorr}
rCorr    +         Rampage  +   (gloves unavailable)
Will     +++..                  (boots currently unavailable)
Stlth    +++++.....             L - amulet of Onisos {RegenMP +Inv Str+4 Dex+3 Stlth+}
HPRegen  0.61/turn              y - ring of Gymystres {*Contam rC+ Int+8 Dex+8}
MPRegen  0.54/turn              H - ring "Komn" {Wiz Will+ Int+7 SInv}

@: paralysed, statue-form, marked, slowed, studying 7 skills, repel missiles
A: claws 3, hooves 1, repulsion field 3, cold resistance 1, ignite blood 3,
mutation resistance 1, negative energy resistance 1, 50% torment resistance,
black mark, demonic magic 3
}: 14/15 runes: barnacled, slimy, silver, iron, obsidian, icy, bone, abyssal,
demonic, glowing, magical, fiery, dark, gossamer
a: End Transformation, Renounce Religion, Evoke Invisibility, Minor Destruction,
Lesser Servant of Makhleb, Major Destruction, Greater Servant of Makhleb


You were on level 3 of the Tomb of the Ancients.
You worshipped Makhleb.
Makhleb was exalted by your worship.
You were a stone statue.
You visited 17 branches of the dungeon, and saw 85 of its levels.
You visited Pandemonium 1 time, and saw 33 of its levels.
You visited the Abyss 2 times.
You visited 1 bazaar.
You completed 1 ziggurat, and saw 27 of its levels.
You also visited: Gauntlet and Wizlab.

You collected 10615 gold pieces.
You spent 7612 gold pieces at shops.

Inventory:

Hand Weapons
 D - a +0 spear of distortion
   (You took it off a merfolk javelineer on level 2 of the Shoals)
Missiles
 l - 10 throwing nets {!f}
 s - 22 curare-tipped darts (quivered)
 Z - 194 silver javelins
Armour
 g - a +2 helmet of intelligence (worn)
   (You found it on level 3 of the Elven Halls)
 k - the +7 tower shield "Boqili" (worn) {Rampage rN+ Str-3 Stlth+}
   (You found it on level 18 of a ziggurat)

   It affects your strength (-3).
   It protects you from negative energy.
   It bestows one free step when moving towards enemies.
   It makes you more stealthy.
 M - the +2 pair of boots of Cuexept (melded) {rElec rPois Regen+ Stlth+}
   (You bought it in a shop in a bazaar)

   It insulates you from electricity.
   It protects you from poison.
   It increases your rate of regeneration.
   It makes you more stealthy.
 O - a +2 cloak of preservation (worn)
   (You took it off a draconian shifter on level 10 of a ziggurat)
 Q - the +2 robe of Vines (melded) {NoPotionHeal Regen+++}
   (You found it on level 11 of the Dungeon)

   It increases your rate of regeneration.
Jewellery
 p - the ring of Creativity {rC+ AC+4 Dex+7}
   (You bought it in a shop on level 1 of the Vaults)

   [ring of protection]

   It affects your AC (+4).
   It affects your dexterity (+7).
   It protects you from cold.
 y - the ring of Gymystres (left claw) {*Contam rC+ Int+8 Dex+8}
   (You bought it in a shop on level 1 of the Vaults)

   [ring of protection from cold]

   It affects your intelligence (+8).
   It affects your dexterity (+8).
   It protects you from cold.
   It causes magical contamination when unequipped.
 F - the ring "Abacig" {rPois rF+++ Str-3 Dex-3 SInv}
   (You found it on level 25 of a ziggurat)

   [ring of see invisible]

   It affects your strength (-3).
   It affects your dexterity (-3).
   It renders you almost immune to fire.
   It protects you from poison.
   It lets you see invisible.
 H - the ring "Komn" (right claw) {Wiz Will+ Int+7 SInv}
   (You found it on level 7 of a ziggurat)

   [ring of wizardry]

   It improves your spell success rate.
   It affects your intelligence (+7).
   It affects your willpower, your defense against some magical effects.
   It lets you see invisible.
 L - the amulet of Onisos (around neck) {RegenMP +Inv Str+4 Dex+3 Stlth+}
   (You found it on level 3 of the Depths)

   [amulet of magic regeneration]

   It increases your magic regeneration.
   It affects your strength (+4).
   It affects your dexterity (+3).
   It lets you turn invisible.
   It makes you more stealthy.
 U - the amulet of the Four Winds {rN+ Will+++ Clar}
   (You found it on level 3 of the Elven Halls)

   [amulet of nothing]

   It protects you from negative energy.
   It affects your willpower, your defense against some magical effects.
   It protects you against confusion.
Wands
 e - a wand of charming (11)
   (You found it on level 1 of the Depths)
 h - a wand of iceblast (74) {@v2}
   (You found it on level 2 of the Dungeon)
 q - a wand of paralysis (84)
   (You found it on level 7 of the Dungeon)
 G - a wand of acid (40) {@v1}
   (You found it on level 10 of the Dungeon)
 T - a wand of polymorph (5)
   (You found it on level 5 of the Depths)
 W - a wand of digging (11) {@v3}
   (You found it on level 4 of the Spider Nest)
Scrolls
 b - 40 scrolls of teleportation {@r3 !r}
 o - 5 scrolls of fear {!r}
 u - 17 scrolls of fog {!r}
 v - 9 scrolls of blinking {@r4}
 w - 3 scrolls of magic mapping {@r5 !r}
 A - 7 scrolls of summoning
 B - 6 scrolls of vulnerability
 C - 9 scrolls of holy word
 P - 5 scrolls of immolation
 R - 11 scrolls of silence
 Y - a scroll of immolation
Potions
 a - 9 potions of mutation
 c - 13 potions of haste {@q4 !q}
 i - 7 potions of magic
 j - 15 potions of attraction
 m - 6 potions of invisibility
 n - 28 potions of heal wounds {@q2 !q}
 r - 9 potions of might {@q3 !q}
 t - 30 potions of curing {@q1 !q}
 x - 2 potions of brilliance
 z - 17 potions of ambrosia
 E - 11 potions of cancellation
 I - 6 potions of lignification {@q6}
 J - 14 potions of flight
 X - 5 potions of resistance
Miscellaneous
 d - a lightning rod (4/4)
   (You found it on level 4 of the Shoals)
 f - a +1 figurine of a ziggurat
 K - a phantom mirror
   (You found it on level 5 of the Vaults)
 N - a tin of tremorstones (1/2)
   (You found it on level 3 of the Shoals)
 S - a condenser vane
   (You found it on level 2 of the Lair of Beasts)
 V - a box of beasts
   (You found it on level 3 of the Elven Halls)


   Skills:
 + Level 24.1 Fighting
 - Level 15.0 Throwing
 - Level 6.5 Armour
 - Level 20.5 Dodging
 - Level 3.0 Stealth
 - Level 25.0 Shields
 - Level 23.9 Unarmed Combat
 - Level 17.4 Spellcasting
 - Level 6.0 Conjurations
 - Level 10.2 Necromancy
 - Level 10.0 Translocations
 - Level 15.0 Transmutations
 - Level 2.6 Fire Magic
 * Level 23.4 Earth Magic
 O Level 27 Invocations
 - Level 12.0 Evocations


You had 5 spell levels left.
You knew the following spells:

 Your Spells              Type           Power      Damage    Failure   Level
a - Apportation           Tloc           100%       N/A       0%          1
b - Statue Form           Tmut/Erth      74%        N/A       1%          6
c - Manifold Assault      Tloc           86%        N/A       1%          4
d - Lesser Beckoning      Tloc           43%        N/A       1%          3
e - Sublimation of Blood  Necr           43%        N/A       0%          2
f - Lee's Rapid Deconstr  Erth           61%        3d29*     0%          5
g - Dragon Form           Tmut           50%        N/A       1%          7
h - Irradiate             Conj/Tmut      43%        3d28      1%          5
i - Shatter               Erth           61%        3d45*     2%          9
p - Passwall              Tmut/Erth      93%        N/A       0%          2
z - Passage of Golubria   Tloc           N/A        N/A       1%          4
M - Borgnjor's Vile Clut  Necr/Erth      53%        N/A       0%          5
Y - Blink                 Tloc           N/A        N/A       0%          2

Your spell library contained the following spells:

 Spells                   Type           Power      Damage    Failure   Level
 Animate Skeleton         Necr           100%       N/A       0%          1
 Beastly Appendage        Tmut           100%       N/A       0%          1
 Pain                     Necr           100%       1d9       0%          1
 Sandblast                Erth           100%       2d20      0%          1
 Stone Arrow              Conj/Erth      100%       3d13      0%          3
 Petrify                  Tmut/Erth      100%       N/A       0%          4
 Corona                   Hex            37%        N/A       1%          1
 Foxfire                  Conj/Fire      100%       2x1d9     1%          1
 Freeze                   Ice            100%       1d11      1%          1
 Magic Dart               Conj           100%       1d8       1%          1
 Shock                    Conj/Air       100%       1d9       1%          1
 Sting                    Tmut/Pois      100%       1d8       1%          1
 Summon Small Mammal      Summ           100%       N/A       1%          1
 Call Imp                 Summ           34%        N/A       1%          2
 Corpse Rot               Necr/Air       N/A        N/A       1%          2
 Ensorcelled Hibernation  Hex/Ice        68%        N/A       1%          2
 Poisonous Vapours        Pois/Air       68%        N/A       1%          2
 Searing Ray              Conj           100%       3d7       1%          2
 Slow                     Hex            34%        N/A       1%          2
 Swiftness                Air            34%        N/A       1%          2
 Call Canine Familiar     Summ           34%        N/A       1%          3
 Confusing Touch          Hex            34%        N/A       1%          3
 Conjure Flame            Conj/Fire      62%        6-21      1%          3
 Dazzling Flash           Conj/Hex       100%       N/A       1%          3
 Frozen Ramparts          Ice            68%        1d8       1%          3
 Gell's Gravitas          Tloc           43%        N/A       1%          3
 Ignite Poison            Fire/Tmut/Pois 70%        N/A       1%          3
 Inner Flame              Hex/Fire       45%        N/A       1%          3
 Mephitic Cloud           Conj/Pois/Air  50%        N/A       1%          3
 Portal Projectile        Hex/Tloc       100%       N/A       1%          3
 Static Discharge         Conj/Air       56%        N/A       1%          3
 Summon Guardian Golem    Hex/Summ       34%        N/A       1%          3
 Teleport Other           Tloc           86%        N/A       1%          3
 Tukima's Dance           Hex            34%        N/A       1%          3
 Vampiric Draining        Necr           43%        2d12      1%          3
 Animate Armour           Summ/Erth      100%       N/A       1%          4
 Animate Dead             Necr           43%        N/A       1%          4
 Dispel Undead            Necr           87%        3d28      1%          4
 Fulminant Prism          Conj/Hex       28%        3d14      1%          4
 Ice Form                 Ice/Tmut       76%        N/A       1%          4
 Iskenderun's Mystic Bla  Conj/Tloc      78%        2d16      1%          4
 Leda's Liquefaction      Hex/Erth       45%        N/A       1%          4
 Sticky Flame             Conj/Fire      62%        2d8       1%          4
 Agony                    Necr           87%        N/A       1%          5
 Alistair's Intoxication  Tmut/Pois      50%        N/A       1%          5
 Bolt of Magma            Conj/Fire/Erth 44%        4d18      1%          5
 Excruciating Wounds      Necr           43%        N/A       1%          5
 Fireball                 Conj/Fire      31%        3d13      1%          5
 Summon Forest            Summ/Tloc      33%        N/A       1%          5
 Yara's Violent Unravell  Hex/Tmut       38%        3d15      1%          5
 Lightning Bolt           Conj/Air       28%        1d44      2%          5
 Airstrike                Air            17%        N/A       3%          4
 Cause Fear               Hex            17%        N/A       3%          4
 Olgreb's Toxic Radiance  Pois           34%        N/A       3%          4
 Summon Ice Beast         Ice/Summ       34%        N/A       3%          4
 Summon Lightning Spire   Summ/Air       34%        N/A       3%          4
 Metabolic Englaciation   Hex/Ice        17%        N/A       9%          5
 Silence                  Hex/Air        17%        N/A       9%          5
 Summon Mana Viper        Hex/Summ       34%        N/A       9%          5
 Death Channel            Necr           43%        N/A       1%          6
 Dispersal                Tloc           43%        N/A       1%          6
 Hydra Form               Tmut           50%        N/A       1%          6
 Iron Shot                Conj/Erth      50%        9d10      1%          6
 Eringya's Noxious Bog    Tmut/Pois      38%        N/A       2%          6
 Lehudib's Crystal Spear  Conj/Erth      50%        10d12     5%          8
 Simulacrum               Ice/Necr       33%        N/A       6%          6
 Starburst                Conj/Fire      31%        8x6d9     9%          6
 Conjure Ball Lightning   Conj/Air       28%        3x3d8     16%         6
 Freezing Cloud           Conj/Ice/Air   25%        6-21      22%         6
 Haunt                    Necr/Summ      33%        N/A       32%         7
 Malign Gateway           Summ/Tloc      33%        N/A       32%         7
 Disjunction              Tloc           43%        N/A       32%         8
 Invisibility             Hex            34%        N/A       43%         6
 Shadow Creatures         Summ           N/A        N/A       43%         6
 Spellforged Servitor     Conj/Summ      28%        N/A       58%         7
 Monstrous Menagerie      Summ           17%        N/A       93%         7
 Ozocubu's Refrigeration  Ice            17%        4d8       93%         7
 Summon Hydra             Summ           17%        N/A       93%         7
 Chain Lightning          Conj/Air       28%        N/A       99%         8
 Ignition                 Fire           27%        3d9       99%         8
 Summon Horrible Things   Summ           17%        N/A       100%        8
 Absolute Zero            Ice            17%        ∞         100%        9
 Dragon's Call            Summ           17%        N/A       100%        9
 Fire Storm               Conj/Fire      31%        8d8       100%        9
 Tornado                  Air            17%        N/A       100%        9


Dungeon Overview and Level Annotations

Branches:
Dungeon (15/15)            Temple (1/1) D:5            Lair (6/6) D:9
 Shoals (4/4) Lair:4       Spider (4/4) Lair:2        Slime (5/5) Lair:6
    Orc (2/2) D:12            Elf (3/3) Orc:2        Vaults (5/5) D:14
  Crypt (3/3) Vaults:3       Tomb (3/3) Crypt:3      Depths (5/5) D:15
   Hell (visited)             Dis (7/7) Hell            Geh (7/7) Hell
    Coc (7/7) Hell            Tar (7/7) Hell            Zot (0/5) Depths:5
 WizLab (visited)         Gauntlet (visited)

Altars:
Ashenzari
Cheibriados
Dithmenos
Elyvilon
Fedhas
Gozag
Hepliaklqana
Kikubaaqudgha
Makhleb
Nemelex Xobeh
Okawaru
Qazlal
Ru
Sif Muna
Trog
Uskayaw
Vehumet
Wu Jian
Xom
Yredelemnul
Zin
The Shining One
Jiyva

Shops:
D:7 [   D:10 :   Orc:1 *   Orc:2 (?[?=:?   Shoals:3 *   Vaults:1 =

Portals:
Hell: Depths:1 Depths:2 Depths:3 Depths:4 Depths:5
Abyss: Depths:1 Depths:2 Depths:4
Pandemonium: Depths:3

Annotations:
D:3 2 transporters
D:11 3 runed translucent doors, MiFiHotspot's ghost, journeyman MiFi
Spider:1 exclusion: downstairs
Orc:2 2 runed translucent doors, thenerdymusicguy's ghost, journeyman MiBe
Elf:2 3 runed translucent doors
Tomb:3 Khufu
Depths:3 2 runed translucent doors


Innate Abilities, Weirdness & Mutations

You have claws for hands.
You are surrounded by a strong repulsion field. (EV +4, RMsl)
Your demonic aura causes all spilled blood to erupt in flames.
You resist negative energy. (rN+)
You are somewhat able to resist unholy torments (1 in 2 success).
Your melee attacks may debilitate your foes.
Spells you cast and wands you use may paralyse nearby enemies.
You have large cloven feet.
Your flesh is cold resistant. (rC+)
You are somewhat resistant to further mutation.


Message History

The death scarab drains your vigour!
You feel yourself slow down.
A royal mummy comes into view.
The bennu completely misses you. The bennu misses you.
The bennu completely misses you.
The royal mummy calls on the powers of darkness!
The emperor scorpion convulses! x4; The bennu convulses! x2
Your body is wracked with pain!
* * * LOW HITPOINT WARNING * * *
The bennu convulses! x2
A guardian mummy comes into view.
You block the death scarab's attack.
Blink to where?
Press: ? - help, Dir - move target
As you read the scroll of blinking {@r4}, it crumbles to dust. 2 mummies, a skeleton, 2 ancient champions, an ushabti and 5 death scarabs come into view.
The death scarab fails to trigger a net trap.
The mummy priest calls down the wrath of its god upon you.
Something smites you!
* * * LOW HITPOINT WARNING * * *
You block the death scarab's attack.
The bennu jubilantly flits about.
The ushabti shakes and rattles deafeningly!
An ushabti comes into view.
The mummy priest drops a net on you.
You become entangled in the net!
The guardian mummy hits you!
* * * LOW HITPOINT WARNING * * *
The guardian mummy closely misses you.
The death scarab bites you but does no damage.
The ushabti hits you but does no damage.
The royal mummy casts a spell.
The ushabti shakes and rattles deafeningly!
The royal mummy gestures wildly while chanting.
Khufu the Undying Pharaoh comes into view.
A mummy comes into view.
The death scarab completely misses you.
The ancient champion casts a spell.
The ancient champion seems to speed up.
The death scarab barely misses you. The death scarab closely misses you.
The guardian mummy barely misses you.
The guardian mummy completely misses you.
The ushabti shakes and rattles deafeningly!
The ushabti moves out of view.
Found 27 gold pieces.
Blink to where?
Press: ? - help, Dir - move target
As you read the scroll of blinking {@r4}, it crumbles to dust. 4 mummies, a lich and an ushabti come into view.
Khufu gestures wildly while chanting.
The royal mummy calls on the powers of darkness!
Your body is wracked with pain!
* * * LOW HITPOINT WARNING * * *
The mummy priest mumbles some strange prayers to its god.
The ushabti shakes and rattles deafeningly!
The mummy priest invokes the aid of its god against you.
Something smites you!
* * * LOW HITPOINT WARNING * * *
The royal mummy gestures at you while chanting.
Something smites you!
* * * LOW HITPOINT WARNING * * *
Okay, then.
Unknown command.
Unknown command.
Blink to where?
Press: ? - help, Dir - move target
As you read the scroll of blinking {@r4}, it crumbles to dust. 2 mummies come into view.
You feel a little less clever now.
The royal mummy calls on the powers of darkness!
You feel a surge of unholy energy. You block the mummy's attack.
You block the death scarab's attack.
The lich gestures at itself while chanting.
The lich flickers and vanishes for a moment.
The mummy misses you. Khufu drops a net on you.
You avoid being caught in a net.
Blink to where?
Press: ? - help, Dir - move target
As you read the scroll of blinking {@r4}, it crumbles to dust.
You feel yourself speed up.
The death scarab waves its antennae.
You block the death scarab's attack. x2
You hear a loud "Zot"!
The death scarab waves its antennae.
The lich gestures wildly while chanting.
The lich seems to speed up.
You hear a loud "Zot"!
The power of Zot is invoked against you!
You suddenly lose the ability to move!
The death scarab bites you!
* * * LOW HITPOINT WARNING * * *
The death scarab drains your vigour!
You feel yourself slow down.
The death scarab bites you but does no damage. x3
The death scarab bites you!
* * * LOW HITPOINT WARNING * * *
The death scarab drains your vigour!
You feel as though you will be slow longer.
The royal mummy casts a spell.
The ushabti shakes and rattles deafeningly!
Khufu mumbles some strange words.
You hear a loud "Zot"!
The death scarab bites you.
You die...

#..........#*,^,,,,,,,,,,**,,,,^,
*##.......##,,,,,,,,,,,,,,**,,,,,
##.....##,,,,,,,,,,,,,,,,**,,,,
##....###*,,,,,,,,,,,,,,,,****+*
##....^#,,,,,,,,,,,,,,,,,,,,,,*,,
#......#,,,,,,,,,,,,,,,,,,,,,,***
b.).##*,,^,,,,,,,^,,,,,,,,,,,,,**
b=b###...M.,,,,########,,,,,,,,,*
.zb##.z..^######8.....#*****,,,,,
8ss#.....##..BBBBB......,,,**,,^,
sz8MMM..##...B.BB.......,^,,**,,,
..MLMB.##....MM#......#.,,,,,**,,
..MM.z##....M..#......#,,^,,,,**,
.sM...##...sL8.#......#,,,,,,,**,
..sMMZ##..8MBM##......#*,,,,,,**,
...BM.##.MsM..##......#*,,,,,,**,
...B8B##......#*,,,,,,**,,,,,,**,


You could see Khufu, 2 royal mummies, 2 emperor scorpions, a lich (fast,
invisible), a mummy priest, a guardian mummy, 2 ushabtiu, 9 death scarabs and 2
mummies.

Vanquished Creatures
  Cerebov (Pan)
  Antaeus (Coc:7)
  the Royal Jelly (Slime:5)
  Gloorx Vloq (Pan)
  Lom Lobon (Pan)
  Mnoleg (Pan)
  A seraph (Pan)
  3 dread liches
  3 ancient liches
  Dispater (Dis:7)
  12 pandemonium lords
  2 orbs of fire (Zig:5)
  Mennas (Pan)
  5 juggernauts
  Sojobo (Depths:4)
  44 royal mummies
  6 Killer Klowns
  Bai Suzhen (Elf:3)
  Boris (thrice) (Depths:3 Vaults:5 Tomb:1)
  Frederick (Crypt:3)
  6 shard shrikes
  Geryon (Hell)
  8 golden dragons
  5 caustic shrikes
  the Enchantress (Depths:2)
  A Hellbinder (WizLab)
  6 bone dragons
  5 doom hounds
  10 Tzitzimimeh
  16 Brimstone Fiends
  10 iron giants
  6 hellephants
  15 liches
  12 Ice Fiends
  12 tentacled monstrosities
  14 Hell Sentinels
  Asterion (Vaults:1)
  9 titans
  6 deep elf master archers
  9 quicksilver dragons
  2 deep elf blademasters (Elf:3)
  20 acid blobs
  2 krakens
  3 tentacled starspawn
  18 sphinxes
  Polyphemus (Shoals:3)
  Kirke (D:13)
  23 Executioners
  16 ancient champions
  12 shadow dragons
  Donald (Shoals:2)
  12 revenants
  10 storm dragons
  8 tengu reavers
  34 nagarajas
  15 azure jellies
  5 daevas (Pan)
  11 draconian monks
  An azure jelly (shapeshifter) (Vaults:5)
  15 fire giants
  7 iron dragons
  7 ghost moths
  4 blood saints (Pan)
  19 frost giants
  7 draconian shifters
  7 corrupters (Pan)
  14 vault wardens
  5 orc warlords
  10 draconian knights
  22 balrugs
  6 warmongers (Pan)
  Aizul (Shoals:3)
  8 curse skulls
  8 angels (Pan)
  9 deep elf elementalists
  22 cacodemons
  11 deep elf sorcerers
  12 ironheart preservers
  12 draconian scorchers
  A caustic shrike zombie (Zig:23)
  3 elemental wellsprings
  14 draconian annihilators
  14 ghouls
  9 emperor scorpions
  15 war gargoyles
  7 ophanim
  3 spriggan defenders (Depths:2)
  A caustic shrike skeleton (Zig:6)
  6 draconian stormcallers
  A juggernaut skeleton (Crypt:2)
  32 stone giants
  15 bennus
  44 reapers
  41 very ugly things
  2 apis (Pan)
  4 green draconians
  18 deep elf demonologists
  8 black draconians
  9 lorocyprocas (Pan)
  7 entropy weavers
  15 vampire knights
  6 black suns
  12 deep elf annihilators
  A purple draconian (Depths:5)
  5 dire elephants
  4 bunyips
  A minotaur (Gauntlet)
  3 spark wasps
  4 red draconians
  3 white draconians
  6 yellow draconians
  16 merfolk javelineers
  23 mummy priests
  2 eleionomae (Zig:16)
  29 blizzard demons
  14 eidola
  5 death oozes
  13 deep elf death magi
  12 green deaths
  11 jiangshi
  4 quicksilver dragon zombies
  19 ettins
  9 merfolk impalers
  17 fire dragons
  14 yaktaur captains
  11 deep elf high priests
  Fannar (D:10)
  12 great orbs of eyes
  7 rakshasas
  7 naga warriors
  A great orb of eyes (shapeshifter) (Vaults:5)
  2 quicksilver dragon skeletons
  9 monstrous demonspawn (Pan)
  20 ice dragons
  13 boulder beetles
  23 hydras
  3 merfolk avatars
  10 ogre magi
  36 vault guards
  3 hell beasts
  12 centaur warriors
  A ghost crab (Zig:26)
  4 catoblepae
  7 spriggan air magi
  4 anacondas
  6 death knights
  8 merfolk aquamancers
  5 alligators
  6 alligator snapping turtles
  16 satyrs
  4 deep troll shamans
  30 two-headed ogres
  A queen ant (Spider:1)
  7 tengu warriors
  4 hell hogs
  2 two-headed ogres (shapeshifter)
  19 death scarabs
  13 death yaks
  6 thrashing horrors
  27 dancing weapons
  12 orc high priests
  10 vampire magi
  16 naga sharpshooters
  8 deep troll earth magi
  5 titan zombies
  22 hell knights
  A storm dragon zombie (Zig:23)
  13 spriggan berserkers
  A shock serpent (shapeshifter) (Vaults:5)
  18 shock serpents
  6 iron golems
  Nergalle (Lair:3)
  7 wretched stars
  49 sun demons
  9 deep elf knights
  34 soul eaters
  25 sixfirhies
  2 titan skeletons
  5 golden dragon zombies
  2 spatial maelstroms (Zig:25)
  2 fire crabs (shapeshifter)
  4 salamander mystics
  3 anaconda zombies
  2 goliath frogs (Zig:16)
  84 skeletal warriors
  8 cherubim (Pan)
  An entropy weaver zombie (Crypt:2)
  13 shadow wraiths
  A spark wasp zombie (Zig:13)
  4 death drakes
  5 glowing orange brains
  10 iron trolls
  6 torturous demonspawn (Pan)
  17 deep trolls
  4 unseen horrors
  6 spriggan druids
  14 swamp dragons
  10 shadow demons
  10 gelid demonspawn (Pan)
  3 storm dragon skeletons
  3 ghost moth zombies
  16 sea snakes
  12 flayed ghosts
  2 golden dragon skeletons
  9 infernal demonspawn (Pan)
  17 ironbrand convokers
  10 wizards
  10 bog bodies
  4 naga ritualists
  3 orange crystal statues
  16 deep elf archers
  40 harpies
  A swamp dragon (shapeshifter) (Zig:9)
  17 phantasmal warriors
  3 anaconda skeletons
  3 shadow dragon zombies
  9 necromancers
  4 obsidian statues
  Pikel (D:7)
  11 deep elf zephyrmancers
  19 orc knights
  A faun (shapeshifter) (Vaults:2)
  3 wolf spider zombies
  29 deep elf pyromancers
  4 mana vipers
  3 shadow dragon skeletons
  4 stone giant zombies
  7 orc sorcerers
  2 iron dragon zombies
  48 ugly things
  3 fire giant zombies
  6 salamanders
  50 wolf spiders
  6 shining eyes
  2 worldbinders
  26 orb spiders
  2 salamanders (shapeshifter)
  4 frost giant zombies
  15 fauns
  17 moths of wrath
  An iron dragon skeleton (Zig:23)
  13 manticores
  22 cyclopes
  2 will-o-the-wisps
  14 merfolk sirens
  A sphinx skeleton (Zig:6)
  4 fire giant skeletons
  7 elephants
  14 water nymphs
  2 dire elephant zombies
  23 naga magi
  5 frost giant skeletons
  2 stone giant skeletons
  7 molten gargoyles
  33 black mambas
  An elf zombie (Zig:23)
  5 ice statues
  A shock serpent zombie (Tar:3)
  A shock serpent skeleton (Hell)
  14 guardian serpents
  A storm dragon simulacrum (Zig:23)
  24 orange demons
  11 vault sentinels
  25 rust devils
  4 elf skeletons (Zig:23)
  5 torpor snails
  40 smoke demons
  A catoblepas zombie (Hell)
  3 gargoyles
  5 spectral swamp worms (Depths:4)
  Maggie (D:6)
  6 apocalypse crabs
  16 cane toads
  6 efreet
  6 eyes of devastation
  30 freezing wraiths
  7 rime drakes
  21 hellions
  A rime drake (shapeshifter) (Vaults:1)
  A black draconian zombie (Crypt:3)
  19 tormentors
  4 dire elephant skeletons
  4 tengu conjurers
  65 guardian mummies
  20 demonic crawlers
  A sea snake skeleton (Crypt:3)
  26 hellwings
  24 yaktaurs
  A yaktaur (shapeshifter) (Vaults:1)
  A red draconian skeleton (Crypt:2)
  21 komodo dragons
  An anaconda simulacrum (Coc:4)
  8 hydra zombies
  9 ancient zymes
  8 trolls
  34 ice devils
  A ghost moth simulacrum (Abyss:5)
  2 harpy zombies
  19 red devils
  11 wind drakes
  55 jumping spiders
  28 merfolk
  4 silent spectres
  8 polar bears
  A harpy skeleton (Tar:6)
  2 hydra skeletons
  A hornet (shapeshifter) (Vaults:1)
  15 hornets
  A polar bear (shapeshifter) (D:13)
  4 ice dragon zombies
  14 dream sheep
  43 slime creatures
  2 spriggan zombies
  3 raiju (Zig:25)
  5 ettin zombies
  15 snapping turtles
  A human simulacrum (Vaults:3)
  3 alligator zombies
  A frost giant simulacrum (Depths:2)
  A fire dragon zombie (Dis:7)
  A satyr zombie (Crypt:3)
  18 blink frogs
  An iron dragon simulacrum (Hell)
  A snapping turtle (shapeshifter) (D:15)
  49 flying skulls
  88 redbacks
  42 starcursed masses
  3 ice dragon skeletons (Coc:7)
  3 ettin skeletons
  35 yaks
  22 ushabtiu
  Sigmund (D:2)
  4 shadows
  4 alligator skeletons
  A spriggan (shapeshifter) (Vaults:4)
  8 spriggans
  28 tarantellas
  20 wraiths
  A satyr skeleton (Crypt:1)
  A vampire (D:15)
  2 air elementals
  2 fire dragon skeletons
  17 wyverns
  A hog (D:13)
  12 basilisks
  7 fire elementals
  21 chaos spawn
  31 water elementals
  18 ynoxinuls
  2 golden eyes (Slime:1)
  3 yaks (shapeshifter)
  3 steam dragons
  Grum (D:8)
  2 spriggan simulacra
  18 neqoxecs
  6 vampire mosquitoes
  8 nagas
  15 wargs
  3 acid dragons
  26 large abominations
  3 cane toad zombies
  A faun zombie (Crypt:3)
  27 water moccasins
  12 soldier ants (Spider:1)
  A two-headed ogre zombie (Crypt:2)
  Duvessa (D:5)
  A floating eye (Slime:5)
  17 hell hounds
  A hydra simulacrum (Coc:7)
  78 orc warriors
  6 ice beasts
  2 swamp drakes
  4 sky beasts (D:8)
  A black bear (D:13)
  An elf simulacrum (Zig:25)
  An ettin simulacrum (Vaults:2)
  9 eyes of draining
  3 cane toad skeletons
  A manticore zombie (Tar:2)
  21 necrophages
  A wolf (shapeshifter) (Depths:2)
  2 alligator simulacra
  10 boggarts
  An ice dragon simulacrum (Tar:7)
  48 ogres
  7 wolves
  3 snapping turtle zombies
  An eye of draining (shapeshifter) (Vaults:1)
  A blink frog skeleton (Crypt:1)
  2 swamp dragon skeletons
  2 lemures (D:7)
  3 snapping turtle skeletons
  17 centaurs
  6 phantoms
  6 small abominations
  5 kobold brigands
  22 bullfrogs
  Blork the orc (D:4)
  A spectral wyvern (Gauntlet)
  6 gnoll sergeants
  A glowing shapeshifter simulacrum (Zig:23)
  A cane toad simulacrum (Coc:6)
  A cyclops skeleton (Crypt:1)
  5 scorpions
  Dowan (D:5)
  A warg zombie (Crypt:1)
  A wyvern skeleton (D:6)
  A queen bee zombie (Crypt:2)
  A water moccasin skeleton (Crypt:3)
  A spriggan skeleton (Dis:2)
  A manticore simulacrum (Coc:6)
  A troll zombie (Hell)
  12 killer bees
  31 wights
  3 howler monkeys (D:9)
  4 electric eels
  A lava snake (Elf:1)
  6 crimson imps
  6 centaur zombies
  7 hounds
  3 bullfrog zombies
  2 jellies
  37 orc priests
  2 quasits
  Crazy Yiuf (D:7)
  7 centaur skeletons
  A gnoll shaman (D:5)
  19 iron imps
  Jessica (D:2)
  4 bullfrog skeletons
  An iguana (shapeshifter) (Vaults:5)
  7 iguanas
  26 orc wizards
  34 worker ants
  13 hell rats
  A killer bee zombie (D:9)
  2 tengu zombies
  An acid dragon skeleton (Crypt:3)
  2 tengu skeletons
  58 mummies
  A hound skeleton (D:10)
  A worker ant zombie (D:9)
  13 adders
  15 gnolls
  7 river rats (Lair:3)
  A scorpion zombie (Crypt:1)
  26 shadow imps
  10 white imps
  4 ufetubi
  An adder zombie (D:8)
  An adder skeleton (D:7)
  2 worms (D:2)
  4 dart slugs
  4 leopard geckos
  134 orcs
  4 giant cockroaches
  7 goblins
  2 hobgoblins
  17 jackals
  30 kobolds
  12 quokkas
  6 bats
  3 frilled lizards
  2 giant cockroach zombies
  A gnoll skeleton (Crypt:1)
  A hobgoblin zombie (Crypt:1)
  A jackal skeleton (Crypt:1)
  A jackal zombie (D:7)
  A kobold zombie (Crypt:1)
  A leopard gecko skeleton (D:6)
  A quokka zombie (D:6)
  18 rats
  31 lost souls (Zig:26)
  5 starspawn tentacles (Abyss:5)
  9 tentacles
4803 creatures vanquished.

Vanquished Creatures (collateral kills)
  Rupert (Lair:4)
  A ghost moth (Spider:4)
  A cacodemon (WizLab)
  3 emperor scorpions (Spider:4)
  6 wolf spiders (Spider:4)
  An orb spider (Spider:4)
  A shining eye (Slime:5)
  3 jumping spiders (Spider:4)
  3 redbacks (Spider:4)
  2 tarantellas (Spider:4)
22 creatures vanquished.

Vanquished Creatures (others)
  A deep elf master archer (Zig:14)
  An eldritch tentacle (Pan)
  6 draconian knights (Zig:27)
  3 ironheart preservers
  A blood saint (WizLab)
  A draconian annihilator (Zig:10)
  A black draconian (Zig:27)
  A blizzard demon (Pan)
  A kraken zombie (Hell)
  A centaur warrior (Zig:17)
  A deep elf knight (Elf:2)
  A shadow wraith (Vaults:1)
  A goliath frog (Zig:26)
  2 deep elf pyromancers
  3 deep elf zephyrmancers
  A merfolk siren (Shoals:4)
  A guardian serpent (Zig:21)
  A water nymph (Shoals:4)
  A blink frog (Zig:15)
  A starcursed mass (Zig:25)
  A small abomination (Zig:25)
  A water elemental (Hell)
  2 shadows (Dis:3)
  A vampire mosquito (Zig:16)
  A neqoxec (Pan)
  A chaos spawn (Pan)
  2 hell hounds
  An orc warrior (Zig:19)
  An ogre (Vaults:3)
  A wight (Dis:3)
  A white imp (Coc:7)
  An orc (Elf:2)
  230 foxfires
  20 fungi
  A lost soul (Zig:26)
  2 lurking horrors
  112 plants
  3 starspawn tentacles (Abyss:5)
  16 tentacles
  35 withered plants
463 creatures vanquished.

Grand Total: 5288 creatures vanquished

Notes
Turn   | Place    | Note
-------+----------+-------------------------------------------
     0 | D:1      | EnegeticOcto the Demonspawn Fire Elementalist began the
                  | quest for the Orb.
     0 | D:1      | Reached XP level 1. HP: 13/13 MP: 3/3
    46 | D:1      | Reached skill level 2 in Stealth
   153 | D:1      | Gained mutation: You are surrounded by a mild repulsion
                  | field. (EV +2) [demonic ancestry]
   153 | D:1      | Reached XP level 2. HP: 4/19 MP: 0/5
   176 | D:1      | Reached skill level 2 in Conjurations
   725 | D:1      | Reached skill level 1 in Fighting
  1036 | D:1      | Gained mutation: You have sharp fingernails. [demonic
                  | ancestry]
  1036 | D:1      | Reached XP level 3. HP: 26/26 MP: 1/6
  1179 | D:2      | Noticed Sigmund
  1233 | D:2      | Noticed Jessica
  1238 | D:2      | Killed Jessica
  1239 | D:2      | Reached skill level 3 in Stealth
  1239 | D:2      | Gained mutation: Spells you cast may paralyse adjacent
                  | enemies. [demonic ancestry]
  1239 | D:2      | Reached XP level 4. HP: 32/32 MP: 1/7
  1631 | D:2      | Killed Sigmund
  1632 | D:2      | Reached skill level 2 in Fighting
  1632 | D:2      | Reached skill level 3 in Unarmed Combat
  1632 | D:2      | Gained mutation: Your demonic aura sometimes causes spilled
                  | blood to erupt in flames [demonic ancestry]
  1632 | D:2      | Reached XP level 5. HP: 32/38 MP: 4/8
  1837 | D:2      | Found a hide-covered altar of Uskayaw.
  1838 | D:2      | Found a broken altar of Ashenzari.
  2178 | D:3      | Found a transporter.
  2200 | D:3      | Found a transporter.
  2271 | D:3      | Gained mutation: Your demonic aura often causes spilled
                  | blood to erupt in flames [demonic ancestry]
  2271 | D:3      | Reached XP level 6. HP: 44/44 MP: 5/9
  3011 | D:4      | Noticed Blork the orc
  3029 | D:4      | Killed Blork the orc
  3030 | D:4      | Reached skill level 4 in Unarmed Combat
  3206 | D:4      | Reached skill level 3 in Fighting
  3774 | D:4      | Gained mutation: You have very sharp fingernails. [demonic
                  | ancestry]
  3774 | D:4      | Reached XP level 7. HP: 52/52 MP: 10/10
  4277 | D:5      | Entered Level 5 of the Dungeon
  4350 | D:5      | Reached skill level 4 in Fighting
  4432 | D:5      | Reached skill level 5 in Unarmed Combat
  4532 | D:5      | Found a staircase to the Ecumenical Temple.
  4594 | Temple   | Entered the Ecumenical Temple
  4921 | D:2      | Became a worshipper of Uskayaw the Reveller
  5018 | D:5      | Reached * piety under Uskayaw
  5024 | D:5      | Reached ** piety under Uskayaw
  5150 | D:5      | Found a bloodstained altar of Trog.
  5294 | D:5      | Noticed Duvessa
  5294 | D:5      | Noticed Dowan
  5300 | D:5      | Killed Duvessa
  5301 | D:5      | Reached skill level 5 in Fighting
  5301 | D:5      | Reached skill level 2 in Dodging
  5314 | D:5      | Killed Dowan
  5315 | D:5      | Reached skill level 1 in Armour
  5315 | D:5      | Reached skill level 1 in Invocations
  5315 | D:5      | Gained mutation: Spells you cast may paralyse nearby
                  | enemies. [demonic ancestry]
  5315 | D:5      | Reached XP level 8. HP: 62/62 MP: 11/11
  5474 | D:5      | Reached *** piety under Uskayaw
  5476 | D:5      | Reached skill level 1 in Evocations
  5941 | D:6      | Found a broken altar of Ashenzari.
  6258 | D:6      | Noticed Maggie
  6273 | D:6      | Killed Maggie
  6274 | D:6      | Reached skill level 2 in Armour
  6274 | D:6      | Reached skill level 3 in Dodging
  6274 | D:6      | Reached skill level 6 in Unarmed Combat
  6274 | D:6      | Reached skill level 2 in Invocations
  6359 | D:6      | Reached skill level 2 in Evocations
  6474 | D:6      | Reached skill level 3 in Invocations
  6667 | D:7      | Found a blossoming altar of Fedhas.
  6696 | D:7      | Reached skill level 3 in Armour
  6701 | D:7      | Reached XP level 9. HP: 60/68 MP: 12/12
  6876 | D:7      | Found Wytuebb's Antique Armour Shop.
  6881 | D:7      | Bought a glowing buckler for 180 gold pieces
  7056 | D:7      | Reached skill level 4 in Dodging
  7063 | D:7      | Reached **** piety under Uskayaw
  7091 | D:7      | Noticed Pikel
  7109 | D:7      | Killed Pikel
  7110 | D:7      | Reached skill level 1 in Shields
  7126 | D:7      | Reached skill level 4 in Armour
  7126 | D:7      | Reached skill level 4 in Invocations
  7126 | D:7      | Reached skill level 3 in Evocations
  7129 | D:7      | Reached skill level 7 in Unarmed Combat
  7174 | D:7      | Reached skill level 6 in Fighting
  7228 | D:7      | Noticed a troll
  7235 | D:7      | Killed a troll
  7464 | D:7      | Reached skill level 2 in Shields
  7538 | D:7      | Found a runed translucent door.
  7539 | D:7      | Noticed Crazy Yiuf
  7545 | D:7      | Killed Crazy Yiuf
  7620 | D:8      | Reached ***** piety under Uskayaw
  7622 | D:8      | Reached skill level 5 in Invocations
  7690 | D:8      | Reached skill level 4 in Evocations
  7690 | D:8      | Gained mutation: You resist negative energy. (rN+) [demonic
                  | ancestry]
  7690 | D:8      | Reached XP level 10. HP: 77/77 MP: 13/13
  7911 | D:8      | Noticed a two-headed ogre
  7914 | D:8      | Killed a two-headed ogre
  7915 | D:8      | Reached skill level 3 in Shields
  7915 | D:8      | Reached skill level 8 in Unarmed Combat
  8153 | D:8      | Reached skill level 6 in Invocations
  8255 | D:8      | Noticed Grum
  8275 | D:8      | Killed Grum
  8396 | D:8      | Found an ornate altar of the Wu Jian Council.
  8453 | D:9      | Reached skill level 7 in Fighting
  8541 | D:9      | Reached skill level 4 in Shields
  8571 | D:9      | Reached skill level 9 in Unarmed Combat
  8730 | D:9      | Reached skill level 7 in Invocations
  8833 | D:9      | Found a staircase to the Lair.
  8950 | D:9      | Gained mutation: You are surrounded by a moderate repulsion
                  | field. (EV +3) [demonic ancestry]
  8950 | D:9      | Reached XP level 11. HP: 85/85 MP: 16/16
  9173 | D:10     | Entered Level 10 of the Dungeon
  9176 | D:10     | Found Uhepuhir's Book Boutique.
  9242 | D:10     | Noticed a two-headed ogre
  9246 | D:10     | Killed a two-headed ogre
  9247 | D:10     | Reached skill level 8 in Fighting
  9247 | D:10     | Reached skill level 8 in Invocations
  9301 | D:10     | Reached skill level 10 in Unarmed Combat
  9670 | D:10     | Noticed Fannar
  9693 | D:10     | Killed Fannar
  9803 | Lair:1   | Entered Level 1 of the Lair of Beasts
  9850 | Lair:1   | Reached skill level 9 in Invocations
 10598 | Lair:2   | Reached skill level 5 in Evocations
 10632 | Lair:2   | Reached skill level 5 in Shields
 10897 | Lair:2   | Noticed an eight-headed hydra
 10903 | Lair:2   | Killed an eight-headed hydra
 11092 | Lair:2   | Reached skill level 9 in Fighting
 11092 | Lair:2   | Reached XP level 12. HP: 95/95 MP: 18/18
 11124 | Lair:2   | Reached ****** piety under Uskayaw
 11130 | Lair:2   | Reached skill level 6 in Evocations
 11279 | Lair:2   | Found a hole to the Spider Nest.
 11450 | Lair:2   | Reached skill level 6 in Shields
 11705 | Lair:3   | Found a gate leading to a gauntlet.
 11714 | Gauntlet | Entered a Gauntlet
 11714 | Gauntlet | Found a transporter.
 11723 | Gauntlet | Found a transporter.
 11729 | Gauntlet | Noticed an entropy weaver
 11740 | Gauntlet | Found a transporter.
 11743 | Gauntlet | Found a transporter.
 11745 | Gauntlet | Found a large runed translucent door.
 11746 | Gauntlet | Found a large runed translucent door.
 11747 | Gauntlet | Found a large runed translucent door.
 11747 | Gauntlet | Found a large runed translucent door.
 11747 | Gauntlet | Found a runed translucent door.
 11748 | Gauntlet | Found a large runed translucent door.
 11749 | Gauntlet | Found a large runed translucent door.
 11750 | Gauntlet | Found a large runed translucent door.
 11750 | Gauntlet | Found a large runed translucent door.
 11751 | Gauntlet | Found a runed translucent gate.
 11761 | Gauntlet | Found a transporter.
 11761 | Gauntlet | Found a runed translucent gate.
 11762 | Gauntlet | Found a runed translucent gate.
 11762 | Gauntlet | Noticed a dire elephant
 11763 | Gauntlet | Found a large runed translucent door.
 11763 | Gauntlet | Found a large runed translucent door.
 11764 | Gauntlet | Found a large runed translucent door.
 11765 | Gauntlet | Found a large runed translucent door.
 11774 | Gauntlet | Found a transporter.
 11784 | Gauntlet | Found a transporter.
 11791 | Gauntlet | Noticed a catoblepas
 11809 | Gauntlet | Found a transporter.
 11811 | Gauntlet | Found a transporter.
 11819 | Gauntlet | Found a transporter.
 11845 | Gauntlet | Found a transporter.
 11845 | Gauntlet | Found a transporter.
 11873 | Gauntlet | Found a large runed translucent door.
 11874 | Gauntlet | Found a large runed translucent door.
 11875 | Gauntlet | Found a large runed translucent door.
 11875 | Gauntlet | Found a large runed translucent door.
 11875 | Gauntlet | Found a runed translucent door.
 12265 | Gauntlet | Identified the amulet of Moodiness {Spirit Str+5 Slay+3
                  | Stlth+}
 12304 | Gauntlet | Reached skill level 10 in Fighting
 12345 | Gauntlet | Noticed a minotaur
 12357 | Gauntlet | Killed a minotaur
 12358 | Gauntlet | Reached skill level 7 in Shields
 12742 | Lair:3   | Noticed a five-headed hydra
 12752 | Lair:3   | Killed a five-headed hydra
 12753 | Lair:3   | Reached skill level 11 in Unarmed Combat
 12938 | Lair:3   | Noticed Nergalle
 12944 | Lair:3   | Killed Nergalle
 13461 | Lair:4   | You fall into a shaft and drop 2 floors!
 13461 | Lair:6   | Entered Level 6 of the Lair of Beasts
 13507 | Lair:4   | Noticed Rupert
 13530 | Lair:4   | Killed Rupert
 13531 | Lair:4   | Reached skill level 8 in Shields
 13531 | Lair:4   | Reached skill level 10 in Invocations
 13816 | Lair:4   | Gained mutation: You are surrounded by a strong repulsion
                  | field. (EV +4, RMsl) [demonic ancestry]
 13816 | Lair:4   | Reached XP level 13. HP: 62/105 MP: 11/20
 14004 | Lair:4   | Reached skill level 11 in Fighting
 14013 | Lair:4   | Found a hide-covered altar of Uskayaw.
 14013 | Lair:4   | Found an ornate altar of the Wu Jian Council.
 14170 | Lair:4   | Found a staircase to the Shoals.
 15620 | Lair:5   | Reached skill level 1 in Throwing
 15904 | Lair:5   | Reached skill level 2 in Throwing
 16736 | Lair:6   | Reached skill level 11 in Invocations
 16819 | Lair:6   | Paralysed by a hornet for 3 turns
 17114 | Lair:6   | Reached skill level 9 in Shields
 17144 | Lair:6   | Reached skill level 3 in Throwing
 17813 | Lair:6   | Reached skill level 12 in Unarmed Combat
 18107 | Lair:5   | Reached skill level 4 in Throwing
 18107 | Lair:5   | Reached XP level 14. HP: 114/114 MP: 22/22
 18201 | Lair:5   | Reached skill level 12 in Fighting
 18205 | Lair:5   | Reached skill level 12 in Invocations
 18290 | Lair:6   | Found a viscous altar of Jiyva.
 18318 | Lair:6   | Found a staircase to the Slime Pits.
 18318 | Lair:6   | Found a sacrificial altar of Ru.
 19969 | Temple   | Fell from the grace of Uskayaw
 19969 | Temple   | Became a worshipper of Makhleb the Destroyer
 20084 | D:11     | Found the +2 robe of Vines {NoPotionHeal Regen+++}
 20091 | D:11     | Reached skill level 5 in Throwing
 20149 | D:11     | Noticed MiFiHotspot's ghost (journeyman MiFi)
 20152 | D:11     | Found a runed translucent gate.
 20152 | D:11     | Found a runed translucent gate.
 20152 | D:11     | Found a runed translucent gate.
 20314 | D:11     | Reached * piety under Makhleb
 20315 | D:11     | Reached skill level 10 in Shields
 21199 | D:12     | Reached ** piety under Makhleb
 21341 | D:12     | Reached skill level 13 in Invocations
 21591 | D:12     | Found a staircase to the Orcish Mines.
 21746 | Orc:1    | Entered Level 1 of the Orcish Mines
 21784 | Orc:1    | Noticed Maurice
 21785 | Orc:1    | Noticed Maurice
 21785 | Orc:1    | Maurice changed into Maurice the swamp drake
 21788 | Orc:1    | Killed Maurice the swamp drake
 21816 | Orc:1    | Reached skill level 6 in Throwing
 22072 | Orc:1    | Reached *** piety under Makhleb
 22358 | Orc:1    | Found Syic's General Store.
 22366 | Orc:1    | Bought a scroll of blinking for 97 gold pieces
 22366 | Orc:1    | Bought a potion of resistance for 130 gold pieces
 22366 | Orc:1    | Bought a potion of curing for 39 gold pieces
 22509 | Orc:2    | Entered Level 2 of the Orcish Mines
 22509 | Orc:2    | Found Cantargh's Weapon Boutique.
 22509 | Orc:2    | Found a staircase to the Elven Halls.
 22578 | Orc:2    | Noticed an orc warlord
 22595 | Orc:2    | Killed an orc warlord
 22595 | Orc:2    | Noticed an orc warlord
 22608 | Orc:2    | Reached **** piety under Makhleb
 22613 | Orc:2    | Killed an orc warlord
 22752 | Orc:2    | Found Yticyhi's Magic Scroll Emporium.
 22948 | Orc:2    | Paralysed by the fury of Uskayaw for 4 turns
 22985 | Orc:2    | Bought a scroll of immolation for 59 gold pieces
 22985 | Orc:2    | Bought a scroll of teleportation for 51 gold pieces
 22985 | Orc:2    | Bought a scroll of teleportation for 51 gold pieces
 23015 | Orc:2    | Gained mutation: You have claws for hands. [demonic
                  | ancestry]
 23015 | Orc:2    | Reached XP level 15. HP: 120/120 MP: 23/25
 23129 | Orc:2    | Reached skill level 13 in Unarmed Combat
 23692 | Orc:2    | Reached ***** piety under Makhleb
 23719 | Orc:2    | Reached skill level 7 in Throwing
 23944 | Orc:2    | Found Larot's Armour Emporium.
 23947 | Orc:2    | Found Ecesme's Jewellery Shoppe.
 23950 | Orc:2    | Found Ineowk's Book Emporium.
 23951 | Orc:2    | Found Etriydd's Magic Scroll Emporium.
 23963 | Orc:2    | Bought a scroll of blinking for 105 gold pieces
 23963 | Orc:2    | Bought a scroll of vulnerability for 105 gold pieces
 23963 | Orc:2    | Bought a scroll of fog for 28 gold pieces
 23963 | Orc:2    | Bought 2 scrolls of silence for 210 gold pieces
 24193 | Orc:2    | Found a large runed translucent door.
 24194 | Orc:2    | Found a large runed translucent door.
 24210 | Orc:2    | Noticed thenerdymusicguy's ghost (journeyman MiBe)
 24232 | Orc:2    | Found Fuocaorr's Magic Scroll Boutique.
 24258 | Orc:2    | Bought a scroll of magic mapping for 35 gold pieces
 24258 | Orc:2    | Bought a scroll of teleportation for 30 gold pieces
 24258 | Orc:2    | Bought a scroll of blinking for 75 gold pieces
 24258 | Orc:2    | Bought a scroll of magic mapping for 35 gold pieces
 24258 | Orc:2    | Bought a scroll of teleportation for 30 gold pieces
 24258 | Orc:2    | Bought a scroll of immolation for 35 gold pieces
 24385 | Orc:2    | Reached skill level 14 in Invocations
 24499 | Orc:1    | Bought the +6 plate armour "Naadgh" {Str+3 Int+2} for 916
                  | gold pieces
 24632 | D:13     | Reached skill level 11 in Shields
 24831 | D:13     | Found a shadowy altar of Dithmenos.
 24965 | D:13     | Noticed Kirke
 24974 | D:13     | Killed Kirke
 25546 | D:14     | Found a gate to the Vaults.
 25567 | D:14     | Reached skill level 8 in Throwing
 25575 | D:14     | Paralysed by the fury of Uskayaw for 3 turns
 25798 | D:14     | Reached ****** piety under Makhleb
 26184 | D:15     | Entered Level 15 of the Dungeon
 26600 | D:15     | Found a stormy altar of Qazlal.
 26712 | D:15     | Reached skill level 15 in Invocations
 26744 | D:15     | Found a staircase to the Depths.
 27011 | D:15     | Reached XP level 16. HP: 127/127 MP: 27/27
 27065 | D:15     | Was forgiven by Uskayaw
 27505 | Orc:2    | Bought a +0 helmet for 63 gold pieces
 27745 | Spider:1 | Entered Level 1 of the Spider Nest
 27874 | Spider:1 | Reached skill level 5 in Armour
 28069 | Spider:1 | Reached skill level 7 in Evocations
 28116 | Spider:1 | Reached skill level 12 in Shields
 28159 | Spider:1 | Reached skill level 9 in Throwing
 28164 | Spider:1 | Reached skill level 14 in Unarmed Combat
 30155 | Spider:3 | Reached skill level 6 in Armour
 30438 | Spider:3 | Identified the +5 longbow of Defilement {vorpal, rC+ MP+9
                  | Dex-3}
 30601 | Spider:3 | Reached skill level 8 in Evocations
 30766 | Spider:3 | Gained mutation: Spells you cast and wands you use may
                  | paralyse nearby enemies. [demonic ancestry]
 30766 | Spider:3 | Reached XP level 17. HP: 135/135 MP: 28/28
 30832 | Spider:3 | Reached skill level 13 in Fighting
 31384 | Spider:3 | Upgraded the game from 0.27-a0-535-g7eaf864cf9 to
                  | 0.27-a0-543-gd81048afd2
 31391 | Spider:3 | Learned a level 6 spell: Statue Form
 31393 | Spider:3 | Learned a level 1 spell: Apportation
 31396 | Spider:3 | Learned a level 2 spell: Passwall
 31399 | Spider:3 | Learned a level 2 spell: Sublimation of Blood
 31403 | Spider:3 | Learned a level 3 spell: Lesser Beckoning
 31406 | Spider:3 | Learned a level 2 spell: Blink
 31433 | Spider:4 | Entered Level 4 of the Spider Nest
 31788 | Spider:4 | Reached skill level 1 in Transmutations
 31788 | Spider:4 | Reached skill level 1 in Earth Magic
 32273 | Spider:4 | Reached skill level 2 in Transmutations
 32273 | Spider:4 | Reached skill level 2 in Earth Magic
 32544 | Spider:4 | Reached skill level 3 in Transmutations
 32544 | Spider:4 | Reached skill level 3 in Earth Magic
 32547 | Spider:4 | Reached skill level 3 in Spellcasting
 32788 | Spider:4 | Got a gossamer rune of Zot
 33176 | Shoals:1 | Entered Level 1 of the Shoals
 33315 | Shoals:1 | Reached skill level 4 in Transmutations
 33315 | Shoals:1 | Reached skill level 4 in Earth Magic
 33356 | Shoals:1 | Noticed a kraken
 33375 | Shoals:1 | Identified the +7 chain mail of Transparent Music {Dex+3}
 33377 | Shoals:1 | Killed a kraken
 34472 | Shoals:2 | Reached skill level 4 in Spellcasting
 34475 | Shoals:2 | Reached skill level 5 in Transmutations
 34488 | Shoals:2 | Reached skill level 5 in Earth Magic
 34521 | Shoals:2 | Reached skill level 13 in Shields
 34556 | Shoals:2 | Reached XP level 18. HP: 144/144 MP: 26/29
 34593 | Shoals:2 | Noticed Donald
 34605 | Shoals:2 | Killed Donald
 35494 | Shoals:3 | Reached skill level 6 in Earth Magic
 35499 | Shoals:3 | Reached skill level 6 in Transmutations
 35532 | Shoals:3 | Noticed Aizul
 35564 | Shoals:3 | Killed Aizul
 35667 | Shoals:3 | Found Wixzurch's General Store.
 35670 | Shoals:3 | Noticed Polyphemus
 35688 | Shoals:3 | Killed Polyphemus
 35749 | Shoals:3 | Bought a scroll of blinking for 90 gold pieces
 36492 | Shoals:4 | Entered Level 4 of the Shoals
 36499 | Shoals:4 | Reached skill level 5 in Spellcasting
 36582 | Shoals:4 | Reached skill level 7 in Transmutations
 36582 | Shoals:4 | Reached skill level 7 in Earth Magic
 36591 | Shoals:4 | Got a barnacled rune of Zot
 36647 | Shoals:4 | Reached skill level 15 in Unarmed Combat
 36671 | Shoals:4 | Identified the +5 glaive of Ointment {drain, Will+ Dex+4}
 36870 | Shoals:4 | Reached skill level 14 in Fighting
 37008 | Shoals:4 | Found the +9 scales of the Dragon King {rPois rF+ rC+
                  | Will+}
 37739 | Vaults:1 | Entered Level 1 of the Vaults
 37951 | Vaults:1 | Gained mutation: Your demonic aura causes all spilled blood
                  | to erupt in flames. [demonic ancestry]
 37951 | Vaults:1 | Reached XP level 19. HP: 152/152 MP: 27/30
 38106 | Vaults:1 | Found Fewy's Jewellery Emporium.
 38107 | Vaults:1 | Noticed Asterion
 38115 | Vaults:1 | Killed Asterion
 38173 | Vaults:1 | Reached skill level 8 in Transmutations
 38173 | Vaults:1 | Reached skill level 8 in Earth Magic
 38384 | Vaults:1 | Reached skill level 6 in Spellcasting
 39315 | Vaults:1 | Bought the ring of Gymystres {*Contam rC+ Int+8 Dex+8} for
                  | 1200 gold pieces
 39484 | Vaults:2 | Reached skill level 9 in Earth Magic
 39537 | Vaults:2 | Reached skill level 9 in Transmutations
 39822 | Vaults:2 | Found a sparkling altar of Nemelex Xobeh.
 41008 | Vaults:3 | Reached skill level 7 in Spellcasting
 41013 | Vaults:3 | Reached XP level 20. HP: 160/160 MP: 13/31
 41046 | Vaults:3 | Reached skill level 14 in Shields
 41304 | Vaults:3 | Reached skill level 10 in Transmutations
 41304 | Vaults:3 | Reached skill level 10 in Earth Magic
 41648 | Vaults:3 | Found a staircase to the Crypt.
 43785 | Elf:1    | Entered Level 1 of the Elven Halls
 43881 | Elf:1    | Reached skill level 15 in Fighting
 44023 | Elf:1    | Reached skill level 11 in Transmutations
 44047 | Elf:1    | Reached skill level 11 in Earth Magic
 44048 | Elf:1    | Reached skill level 8 in Spellcasting
 44091 | Elf:1    | Found a runed translucent gate.
 44091 | Elf:1    | Found a runed translucent gate.
 44091 | Elf:1    | Found a runed translucent gate.
 44091 | Elf:1    | Found a runed translucent gate.
 44091 | Elf:1    | Found a runed translucent gate.
 44092 | Elf:1    | Found a runed translucent gate.
 45008 | Elf:1    | Reached skill level 16 in Unarmed Combat
 45104 | Elf:2    | Found a runed translucent gate.
 45104 | Elf:2    | Found a runed translucent gate.
 45105 | Elf:2    | Found a runed translucent gate.
 45240 | Elf:2    | Gained mutation: You are somewhat able to resist unholy
                  | torments (1 in 2 success). [demonic ancestry]
 45240 | Elf:2    | Reached XP level 21. HP: 168/168 MP: 30/33
 45627 | Elf:3    | Entered Level 3 of the Elven Halls
 45918 | Elf:3    | Reached skill level 9 in Spellcasting
 45926 | Elf:3    | Identified the Incunabulum of Creation
 46202 | Elf:3    | Noticed Bai Suzhen
 46211 | Elf:3    | Killed Bai Suzhen
 46434 | Elf:3    | Cast into level 2 of the Abyss (+5 glaive of distortion)
 46451 | Elf:3    | Escaped the Abyss
 46457 | Elf:3    | Reached skill level 15 in Shields
 46551 | Elf:3    | Reached skill level 16 in Fighting
 46704 | Elf:3    | Gained mutation: You are weak. (Str -2) [a neqoxec]
 46816 | Elf:3    | Reached skill level 17 in Fighting
 46933 | Elf:3    | Found the amulet of the Four Winds {rN+ Will+++ Clar}
 46935 | Elf:3    | Identified the Compendium of the Glacier and Dislocation
 47588 | Crypt:1  | Entered Level 1 of the Crypt
 47623 | Crypt:1  | Paralysed by something for 2 turns
 47739 | Crypt:1  | Identified the +6 arbalest of the Hidden Vale {penet, rF+
                  | rC+ Int+3 Dex+4}
 47742 | Crypt:1  | Reached skill level 18 in Fighting
 48233 | Crypt:1  | Reached XP level 22. HP: 185/185 MP: 29/35
 48428 | Crypt:2  | Identified a scroll of acquirement
 48437 | Crypt:2  | Acquired 706 gold pieces
 48490 | Crypt:2  | Found an ancient bone altar of Kikubaaqudgha.
 48929 | Crypt:2  | Reached skill level 19 in Fighting
 49128 | Crypt:3  | Entered Level 3 of the Crypt
 49518 | Crypt:3  | Noticed Frederick
 49529 | Crypt:3  | Killed Frederick
 49596 | Crypt:3  | Reached skill level 20 in Fighting
 49630 | Crypt:3  | Reached skill level 1 in Translocations
 49802 | Crypt:3  | Reached skill level 2 in Translocations
 49975 | Crypt:3  | Noticed a royal mummy
 50308 | Crypt:3  | Killed a royal mummy
 50309 | Crypt:3  | Reached skill level 5 in Dodging
 50330 | Crypt:3  | Identified the Catalogue of the Unstable Glacier
 50349 | Crypt:3  | Identified the +10 morningstar "Hyicauni" {drain, rPois
                  | Will+}
 50618 | Crypt:3  | Found a staircase to the Tomb.
 50746 | Crypt:3  | Identified the ring of the Villain {rC+ Int+5}
 51003 | Vaults:1 | Bought the ring of Creativity {rC+ AC+4 Dex+7} for 1294
                  | gold pieces
 51164 | Depths:1 | Entered Level 1 of the Depths
 51164 | Depths:1 | Found a one-way gate to the infinite horrors of the Abyss.
 51175 | Depths:1 | Reached skill level 3 in Translocations
 51279 | Depths:1 | Reached skill level 4 in Translocations
 51295 | Depths:1 | Reached skill level 6 in Dodging
 51303 | Depths:1 | Reached XP level 23. HP: 196/196 MP: 26/36
 51563 | Depths:1 | Found a snail-covered altar of Cheibriados.
 51686 | Depths:1 | Found a gateway to Hell.
 51704 | Depths:1 | Reached skill level 5 in Translocations
 51704 | Depths:1 | Reached skill level 12 in Earth Magic
 51910 | Depths:2 | Noticed the Enchantress
 51928 | Depths:2 | Killed the Enchantress
 51929 | Depths:2 | Reached skill level 7 in Dodging
 52010 | Depths:2 | Found a magical portal.
 52021 | WizLab   | Entered The Hall of the Hellbinder
 52109 | WizLab   | Reached skill level 17 in Unarmed Combat
 52222 | WizLab   | Found a burning altar of Makhleb.
 52228 | WizLab   | Identified the ring "Jelulid" {AC+4 Int+2}
 52231 | WizLab   | Reached skill level 6 in Translocations
 52275 | WizLab   | Identified Sif Muna's Disquisition on Creation
 52549 | Depths:2 | Found a burning altar of Makhleb.
 52648 | Depths:2 | Noticed a juggernaut
 52654 | Depths:2 | Killed a juggernaut
 52697 | Depths:2 | Reached skill level 8 in Dodging
 52752 | Depths:2 | Reached skill level 7 in Translocations
 53728 | Depths:3 | Found a flickering gateway to a bazaar.
 53767 | Bazaar   | Entered a bazaar
 53767 | Bazaar   | Found Xogeamerch's Distillery.
 53767 | Bazaar   | Found Rutugui's Antique Armour Shop.
 53786 | Bazaar   | Bought a potion of heal wounds for 80 gold pieces
 53786 | Bazaar   | Bought a potion of haste for 160 gold pieces
 53786 | Bazaar   | Bought a potion of attraction for 48 gold pieces
 53786 | Bazaar   | Bought a potion of ambrosia for 128 gold pieces
 53786 | Bazaar   | Bought a potion of might for 64 gold pieces
 53809 | Bazaar   | Found Nepuc's Antique Weapon Shop.
 53833 | Bazaar   | Bought a transparent kite shield for 209 gold pieces
 53833 | Bazaar   | Identified the +4 kite shield of Terror {Str+7} (You bought
                  | it in a shop in a bazaar)
 53833 | Bazaar   | Bought a pair of steaming boots for 209 gold pieces
 53833 | Bazaar   | Identified the +2 pair of boots of Cuexept {rElec rPois
                  | Regen+ Stlth+} (You bought it in a shop in a bazaar)
 53869 | Bazaar   | Bought a potion of curing for 48 gold pieces
 53869 | Bazaar   | Bought a potion of lignification for 48 gold pieces
 53990 | Depths:3 | Reached skill level 13 in Earth Magic
 54042 | Depths:3 | Noticed Boris
 54051 | Depths:3 | Killed Boris
 54137 | Depths:3 | Found a one-way gate leading to the halls of Pandemonium.
 54194 | Depths:3 | Reached XP level 24. HP: 204/204 MP: 32/36
 54215 | Depths:3 | Reached skill level 9 in Dodging
 54226 | Depths:3 | Reached skill level 8 in Translocations
 54260 | Depths:3 | Noticed a juggernaut
 54264 | Depths:3 | Killed a juggernaut
 54363 | Depths:3 | Identified the amulet of Onisos {RegenMP +Inv Str+4 Dex+3
                  | Stlth+}
 54391 | Depths:3 | Found a runed translucent door.
 54391 | Depths:3 | Found a runed translucent door.
 54393 | Depths:3 | Found a runed translucent door.
 54418 | Depths:3 | Reached skill level 9 in Translocations
 54555 | Depths:3 | Found a gateway to a ziggurat.
 54992 | Depths:4 | Reached skill level 10 in Dodging
 55024 | Depths:4 | Reached skill level 18 in Unarmed Combat
 55323 | Depths:4 | Noticed Sojobo
 55336 | Depths:4 | Reached skill level 14 in Earth Magic
 55351 | Depths:4 | Killed Sojobo
 55926 | Depths:5 | Entered Level 5 of the Depths
 55936 | Depths:5 | Reached skill level 10 in Translocations
 55986 | Depths:5 | Found a gate to the Realm of Zot.
 55998 | Depths:5 | Reached skill level 11 in Dodging
 56019 | Depths:5 | Reached XP level 25. HP: 210/210 MP: 36/36
 56780 | Depths:5 | Reached skill level 15 in Earth Magic
 56849 | Depths:5 | Learned a level 4 spell: Manifold Assault
 56855 | Depths:5 | Learned a level 5 spell: Borgnjor's Vile Clutch
 56861 | Depths:5 | Learned a level 5 spell: Lee's Rapid Deconstruction
 57104 | Vaults:1 | Bought a ring of protection from fire for 500 gold pieces
 57181 | Vaults:5 | Entered Level 5 of the Vaults
 57182 | Vaults:5 | Noticed Boris
 57197 | Vaults:4 | Reached skill level 1 in Necromancy
 57212 | Vaults:5 | Reached skill level 12 in Dodging
 57222 | Vaults:5 | Reached skill level 2 in Necromancy
 57222 | Vaults:5 | Killed Boris
 57226 | Vaults:5 | Reached skill level 3 in Necromancy
 57227 | Vaults:5 | Reached skill level 19 in Unarmed Combat
 57229 | Vaults:5 | Reached skill level 9 in Evocations
 57260 | Vaults:5 | Reached skill level 4 in Necromancy
 57277 | Vaults:5 | Noticed a dread lich
 57290 | Vaults:5 | Killed a dread lich
 57291 | Vaults:5 | Reached skill level 5 in Necromancy
 57292 | Vaults:5 | Noticed a dread lich
 57307 | Vaults:5 | Killed a dread lich
 57311 | Vaults:5 | Reached skill level 10 in Evocations
 57315 | Vaults:5 | Reached skill level 6 in Necromancy
 57330 | Vaults:5 | Reached skill level 13 in Dodging
 57330 | Vaults:5 | Reached XP level 26. HP: 218/218 MP: 36/36
 57342 | Vaults:5 | Reached skill level 7 in Necromancy
 58038 | Vaults:5 | Identified Sif Muna's Catalogue of Creative Execration
 58210 | Vaults:5 | Got a silver rune of Zot
 58360 | Vaults:5 | Identified the Tome of Transmigration and Snow
 58707 | Orc:2    | Bought a book of the Warp for 1260 gold pieces
 58712 | Orc:2    | Learned a level 4 spell: Passage of Golubria
 59012 | Slime:1  | Entered Level 1 of the Pits of Slime
 59024 | Slime:1  | Reached skill level 8 in Necromancy
 59029 | Slime:1  | Reached skill level 11 in Evocations
 59299 | Slime:5  | Entered Level 5 of the Pits of Slime
 59323 | Slime:5  | Gained mutation: You are very weak. (Str -4) [a shining
                  | eye]
 59326 | Slime:5  | Gained mutation: Your magical capacity is low. (-10% MP) [a
                  | shining eye]
 59329 | Slime:5  | Lost mutation: You are very weak. (Str -4) [a shining eye]
 59330 | Slime:5  | Gained mutation: You are very weak. (Str -4) [a shining
                  | eye]
 59331 | Slime:5  | Paralysed by a floating eye for 3 turns
 59342 | Slime:5  | Reached skill level 9 in Necromancy
 59432 | Slime:5  | Found a viscous altar of Jiyva.
 59539 | Slime:5  | Noticed the Royal Jelly
 59549 | Slime:5  | Killed the Royal Jelly
 59579 | Slime:5  | Got a slimy rune of Zot
 59595 | Slime:5  | Identified the amulet "Jeiteq" {Spirit rF+}
 59630 | Slime:5  | Identified the amulet of Acuyrum {Faith rN+}
 59632 | Slime:5  | Identified the ring of Sunlight {Str+4 Slay+4}
 59644 | Slime:5  | Identified the +0 plate armour of Faapycs {+Fly Int+4}
 60146 | Zig:1    | Entered Level 1 of a ziggurat
 60160 | Zig:2    | Entered Level 2 of a ziggurat
 60168 | Zig:2    | Reached skill level 14 in Dodging
 60168 | Zig:2    | Reached skill level 20 in Unarmed Combat
 60179 | Zig:2    | Reached skill level 12 in Evocations
 60195 | Zig:3    | Entered Level 3 of a ziggurat
 60223 | Zig:3    | Learned a level 7 spell: Dragon Form
 60225 | Zig:4    | Entered Level 4 of a ziggurat
 60246 | Zig:4    | Identified the +8 hand axe of Cyfoan Nepub {elec, Will+
                  | Int+3}
 60252 | Zig:5    | Entered Level 5 of a ziggurat
 60253 | Zig:5    | Noticed an orb of fire
 60261 | Zig:5    | Noticed an orb of fire
 60265 | Zig:5    | Gained mutation: You tend to lose your temper in combat.
                  | [an orb of fire]
 60266 | Zig:5    | Killed an orb of fire
 60267 | Zig:5    | Reached skill level 10 in Necromancy
 60268 | Zig:5    | Killed an orb of fire
 60278 | Zig:5    | Identified the ring of Sovereignty {+Inv rC+}
 60281 | Zig:5    | Lost mutation: You are very weak. (Str -4) [potion of
                  | mutation]
 60281 | Zig:5    | Lost mutation: You tend to lose your temper in combat.
                  | [potion of mutation]
 60281 | Zig:5    | Gained mutation: You occasionally shout uncontrollably at
                  | your foes. [potion of mutation]
 60281 | Zig:5    | Gained mutation: You tend to lose your temper in combat.
                  | [potion of mutation]
 60281 | Zig:5    | Gained mutation: You are agile. (Dex +2) [potion of
                  | mutation]
 60282 | Zig:5    | Lost mutation: You occasionally shout uncontrollably at
                  | your foes. [potion of mutation]
 60282 | Zig:5    | Lost mutation: You are agile. (Dex +2) [potion of mutation]
 60282 | Zig:5    | Lost mutation: You are weak. (Str -2) [potion of mutation]
 60282 | Zig:5    | Lost mutation: You tend to lose your temper in combat.
                  | [potion of mutation]
 60282 | Zig:5    | Gained mutation: You have a pair of small horns on your
                  | head. [potion of mutation]
 60282 | Zig:5    | Gained mutation: You are strong-willed. (Will+) [potion of
                  | mutation]
 60282 | Zig:5    | Gained mutation: You have a pair of horns on your head.
                  | [potion of mutation]
 60320 | Zig:6    | Entered Level 6 of a ziggurat
 60342 | Zig:6    | Identified the +7 morningstar "Taz Qiuj" {drain, *Slow
                  | rPois rN+ Str+3}
 60349 | Zig:6    | Lost mutation: You are strong-willed. (Will+) [potion of
                  | mutation]
 60349 | Zig:6    | Lost mutation: Your magical capacity is low. (-10% MP)
                  | [potion of mutation]
 60349 | Zig:6    | Lost mutation: You have a pair of horns on your head.
                  | [potion of mutation]
 60349 | Zig:6    | Gained mutation: You have a pair of horns on your head.
                  | [potion of mutation]
 60349 | Zig:6    | Gained mutation: You passively map a small area around you.
                  | [potion of mutation]
 60349 | Zig:6    | Gained mutation: You have large cloven feet. [potion of
                  | mutation]
 60349 | Zig:6    | Gained mutation: You can translocate small distances at
                  | will. [potion of mutation]
 60350 | Zig:6    | Lost mutation: You have large cloven feet. [potion of
                  | mutation]
 60350 | Zig:6    | Lost mutation: You have a pair of horns on your head.
                  | [potion of mutation]
 60350 | Zig:6    | Gained mutation: Your skin changes colour to match your
                  | surroundings (Stealth+). [potion of mutation]
 60350 | Zig:6    | Gained mutation: Your spells are a little harder to cast,
                  | but a little more powerful. [potion of mutation]
 60351 | Zig:6    | Lost mutation: Your spells are a little harder to cast, but
                  | a little more powerful. [potion of mutation]
 60351 | Zig:6    | Lost mutation: You can translocate small distances at will.
                  | [potion of mutation]
 60351 | Zig:6    | Lost mutation: You have a pair of small horns on your head.
                  | [potion of mutation]
 60351 | Zig:6    | Gained mutation: Your spells are a little harder to cast,
                  | but a little more powerful. [potion of mutation]
 60351 | Zig:6    | Gained mutation: You are strong-willed. (Will+) [potion of
                  | mutation]
 60361 | Zig:7    | Entered Level 7 of a ziggurat
 60377 | Zig:7    | Identified the ring "Komn" {Wiz Will+ Int+7 SInv}
 60387 | Zig:7    | Identified the ring "Urrabav" {rN+ Will+ Int+2 Slay+2}
 60397 | Zig:7    | Reached skill level 12 in Transmutations
 60397 | Zig:7    | Gained mutation: Your melee attacks may debilitate your
                  | foes. [demonic ancestry]
 60397 | Zig:7    | Reached XP level 27. HP: 224/224 MP: 36/36
 60407 | Zig:8    | Entered Level 8 of a ziggurat
 60495 | Zig:9    | Entered Level 9 of a ziggurat
 60499 | Zig:9    | Noticed Ilohysche the pandemonium lord
 60505 | Zig:9    | Killed Ilohysche the pandemonium lord
 60506 | Zig:9    | Reached skill level 13 in Transmutations
 60591 | Zig:10   | Entered Level 10 of a ziggurat
 60654 | Zig:10   | Identified the Papyrus of Displacement and Flight
 60739 | Zig:11   | Entered Level 11 of a ziggurat
 60747 | Zig:11   | Found the +11 plutonium sword {*Contam Stlth-}
 60797 | Zig:11   | Identified the ring "Xahareit" {+Fly Int+4}
 60802 | Zig:11   | Identified the +6 longbow of Ragnarok {freeze, rN++}
 60849 | Zig:12   | Entered Level 12 of a ziggurat
 60883 | Zig:12   | Reached skill level 14 in Transmutations
 60957 | Zig:12   | Identified Yxtikone's Volume of Beguiling
 61006 | Zig:13   | Entered Level 13 of a ziggurat
 61035 | Zig:13   | Reached skill level 15 in Dodging
 61111 | Zig:13   | Identified the ring of the Duchess {rF+ Will++ rCorr Str+2
                  | Dex-5}
 61161 | Zig:14   | Entered Level 14 of a ziggurat
 61234 | Zig:14   | Identified the ring "Neclea" {rElec rC+ Str+2}
 61258 | Zig:14   | Identified the ring of Noel Yri {+Fly Str-3 Int+3 SInv}
 61263 | Zig:14   | Identified the +4 mace of the Demagogue {holy, *Slow rPois
                  | rN+++ Str+5 Dex-5}
 61311 | Zig:15   | Entered Level 15 of a ziggurat
 61328 | Zig:15   | Reached skill level 10 in Spellcasting
 61351 | Zig:15   | Learned a level 5 spell: Irradiate
 61371 | Zig:15   | Identified the +8 demon blade "Egg" {flame, rElec rF+ Int-3
                  | Dex+2}
 61378 | Zig:15   | Identified the ring of Exhibitionism {rElec rN+ AC+4}
 61387 | Zig:16   | Entered Level 16 of a ziggurat
 61411 | Zig:16   | Reached skill level 3 in Conjurations
 61412 | Zig:16   | Reached skill level 15 in Transmutations
 61417 | Zig:16   | Reached skill level 4 in Conjurations
 61447 | Zig:16   | Reached skill level 21 in Unarmed Combat
 61449 | Zig:16   | Identified the ring of Yriylash {+Blink rN+ SInv}
 61458 | Zig:16   | Identified the ring "Seuj" {rPois Str-5 Int+6 Dex+9}
 61475 | Zig:17   | Entered Level 17 of a ziggurat
 61513 | Zig:17   | Reached skill level 5 in Conjurations
 61520 | Zig:17   | Reached skill level 11 in Spellcasting
 61635 | Zig:17   | Found the ring of the Octopus King
 61645 | Zig:17   | Identified a ring of the Octopus King {MP+9 AC+1 EV+1 Str+1
                  | Int+1 Dex+1}
 61652 | Zig:17   | Identified the +0 plate armour of Lugonu's Castigation {rC-
                  | Regen+ Str+7 SInv}
 61655 | Zig:18   | Entered Level 18 of a ziggurat
 61676 | Zig:18   | Reached skill level 6 in Conjurations
 61678 | Zig:18   | Reached skill level 16 in Dodging
 61738 | Zig:18   | Identified the +5 morningstar of Dukko {vorpal, rPois}
 61739 | Zig:18   | Identified the +7 tower shield "Boqili" {Rampage rN+ Str-3
                  | Stlth+}
 61741 | Zig:18   | Identified the +1 helmet "Bekk" {rC+}
 61754 | Zig:18   | Identified the ring "Huckish" {Will+ Int+6}
 61769 | Zig:19   | Entered Level 19 of a ziggurat
 61779 | Zig:19   | Noticed a juggernaut
 61781 | Zig:19   | Noticed a juggernaut
 61787 | Zig:19   | Noticed a juggernaut
 61792 | Zig:19   | Reached skill level 12 in Spellcasting
 61792 | Zig:19   | Killed a juggernaut
 61795 | Zig:19   | Killed a juggernaut
 61799 | Zig:19   | Killed a juggernaut
 61912 | Zig:19   | Found the +3 robe of Folly {Archmagi, Will-- Int+5}
 61935 | Zig:19   | Reached skill level 17 in Dodging
 62031 | Zig:20   | Entered Level 20 of a ziggurat
 62039 | Zig:20   | Noticed Xoegelis the pandemonium lord
 62051 | Zig:20   | Noticed Reymnef the pandemonium lord
 62057 | Zig:20   | Noticed Afuc Byo the pandemonium lord
 62058 | Zig:20   | Killed Xoegelis the pandemonium lord
 62059 | Zig:20   | Noticed Ygyekoink the pandemonium lord
 62060 | Zig:20   | Noticed Cetaamao the pandemonium lord
 62070 | Zig:20   | Reached skill level 13 in Spellcasting
 62073 | Zig:20   | Killed Afuc Byo the pandemonium lord
 62073 | Zig:20   | Noticed Yggeh the pandemonium lord
 62074 | Zig:20   | Cast into level 5 of the Abyss (Reymnef)
 62074 | Abyss:5  | Entered Level 5 of the Abyss
 62114 | Abyss:5  | Paralysed by you for 7 turns
 62152 | Abyss:5  | Reached skill level 18 in Dodging
 62160 | Abyss:5  | Got an abyssal rune of Zot
 62170 | Zig:20   | Escaped the Abyss
 62171 | Zig:20   | Noticed Worifeim the pandemonium lord
 62176 | Zig:20   | Identified the ring of Zaxtacs {Wiz rPois Stlth+}
 62181 | Zig:21   | Entered Level 21 of a ziggurat
 62223 | Zig:21   | Reached skill level 14 in Spellcasting
 62317 | Zig:21   | Identified the +6 plate armour "Haopiam" {MP+9 Dex+2}
 62318 | Zig:21   | Identified the +0 scale mail of the Spider Nest {-Cast rF++
                  | rC- Regen+ Dex+10}
 62324 | Zig:21   | Reached skill level 16 in Shields
 62329 | Zig:21   | Identified the ring of the Sturgeon {+Inv rPois Will+}
 62330 | Zig:21   | Identified the +3 short sword of Instant Death {speed,
                  | rPois rC+ MP-9}
 62336 | Zig:21   | Identified the +1 hand axe of Inquiry {venom, Str+5}
 62369 | Zig:22   | Entered Level 22 of a ziggurat
 62451 | Zig:22   | Identified the ring of Midsummer {rF+ Str+4}
 62453 | Zig:22   | Identified the ring of Nompior {rPois rC+ SInv}
 62454 | Zig:22   | Identified the Compendium of Creation and Flight
 62460 | Zig:22   | Identified the +11 spear of the Black Skies {vorpal, Dex-4
                  | SInv Stlth+}
 62467 | Zig:22   | Identified the +0 scale mail of the Clam {Rampage *Corrode
                  | Will+++ Int+3}
 62589 | Zig:23   | Entered Level 23 of a ziggurat
 62600 | Zig:23   | Noticed a royal mummy
 62635 | Zig:23   | Killed a royal mummy
 62644 | Zig:23   | Reached skill level 17 in Shields
 62646 | Zig:23   | Noticed a royal mummy
 62653 | Zig:23   | Noticed a royal mummy
 62668 | Zig:23   | Killed a royal mummy
 62669 | Zig:23   | Noticed a royal mummy
 62670 | Zig:23   | Noticed a royal mummy
 62673 | Zig:23   | Killed a royal mummy
 62674 | Zig:23   | Reached skill level 16 in Invocations
 62683 | Zig:23   | Killed a royal mummy
 62697 | Zig:23   | Killed a royal mummy
 62700 | Zig:23   | Noticed a royal mummy
 62725 | Zig:23   | Killed a royal mummy
 62733 | Zig:23   | Noticed a royal mummy
 62743 | Zig:23   | Killed a royal mummy
 62746 | Zig:23   | Reached skill level 22 in Unarmed Combat
 62931 | Zig:24   | Entered Level 24 of a ziggurat
 62962 | Zig:24   | Noticed a dread lich
 62977 | Zig:24   | Gained mutation: Armour fits poorly on your strangely
                  | shaped body. [a cacodemon]
 62986 | Zig:24   | Paralysed by something for 6 turns
 62989 | Zig:24   | Noticed an ancient lich
 62996 | Zig:24   | Killed a dread lich
 63001 | Zig:24   | Killed an ancient lich
 63002 | Zig:24   | Reached skill level 15 in Spellcasting
 63046 | Zig:24   | Reached skill level 18 in Shields
 63064 | Zig:24   | Reached skill level 17 in Invocations
 63254 | Zig:24   | Identified the ring "Henk" {Wiz Str+3 SInv}
 63256 | Zig:24   | Identified the amulet of the Ten Prophets {Acrobat Str+4}
 63266 | Zig:24   | Identified Sif Muna's Catalogue of Congealing Earth
 63281 | Zig:24   | Identified the +1 leather armour of Tulips {Rampage}
 63306 | Zig:25   | Entered Level 25 of a ziggurat
 63331 | Zig:25   | Gained mutation: You are dopey. (Int -2) [a shining eye]
 63342 | Zig:25   | Paralysed by accursed screaming for 1 turns
 63349 | Zig:25   | Paralysed by accursed screaming for 1 turns
 63374 | Zig:25   | Reached skill level 21 in Fighting
 63378 | Zig:25   | Reached skill level 19 in Dodging
 63393 | Zig:25   | Paralysed by accursed screaming for 1 turns
 63397 | Zig:25   | Paralysed by accursed screaming for 1 turns
 63471 | Zig:25   | Found the +7 mace of Variability {chain chaos}
 63479 | Zig:25   | Identified the +6 quarterstaff of Dismemberment {vamp,
                  | *Corrode rF+++ Will- Int+3}
 63485 | Zig:25   | Identified the Papyrus of the Rocks and Confrontation
 63495 | Zig:25   | Identified the ring "Abacig" {rPois rF+++ Str-3 Dex-3 SInv}
 63501 | Zig:25   | Identified the +8 trident "Xatuff" {holy, rC+ rN+ Will-}
 63503 | Zig:25   | Reached skill level 19 in Shields
 63508 | Zig:25   | Identified the +6 glaive "Noqamm" {drain, +Rage Int-5
                  | Dex+2}
 63571 | Zig:26   | Entered Level 26 of a ziggurat
 64041 | Zig:26   | Identified the Almanac of Confrontation
 64045 | Zig:26   | Identified the ring "Piadoy" {Wiz Str+7}
 64128 | Zig:26   | Identified the +9 trident of Peace {freeze, rF+ Str+5}
 64130 | Zig:26   | Identified the +2 great sword "Coaz" {venom, SInv Stlth+}
 64133 | Zig:27   | Entered Level 27 of a ziggurat
 64161 | Zig:27   | Reached skill level 18 in Invocations
 64173 | Zig:27   | Reached skill level 20 in Shields
 64176 | Zig:27   | Reached skill level 16 in Spellcasting
 64235 | Zig:27   | Found the +27 Lear's hauberk
 64297 | Zig:27   | Identified the Compendium of Incorporation
 64345 | Pan      | Entered Pandemonium
 64472 | Pan      | Reached skill level 10 in Throwing
 64619 | Pan      | Found a huge runed translucent gate.
 64619 | Pan      | Found a huge runed translucent gate.
 64620 | Pan      | Found a huge runed translucent gate.
 64620 | Pan      | Found a huge runed translucent gate.
 64620 | Pan      | Found a huge runed translucent gate.
 64620 | Pan      | Found a huge runed translucent gate.
 64620 | Pan      | Found a huge runed translucent gate.
 64620 | Pan      | Found a huge runed translucent gate.
 64622 | Pan      | Found a huge runed translucent gate.
 64622 | Pan      | Found a huge runed translucent gate.
 64622 | Pan      | Found a huge runed translucent gate.
 64622 | Pan      | Found a huge runed translucent gate.
 64622 | Pan      | Found a huge runed translucent gate.
 64623 | Pan      | Found a huge runed translucent gate.
 64623 | Pan      | Found a huge runed translucent gate.
 64623 | Pan      | Noticed Obreocu the pandemonium lord
 64625 | Pan      | Found a huge runed translucent gate.
 64625 | Pan      | Found a huge runed translucent gate.
 64635 | Pan      | Identified the +8 rapier "Janyn" {holy, rC+ Str+4 Dex+3}
 64644 | Pan      | Killed Obreocu the pandemonium lord
 64662 | Pan      | Gained mutation: You are very dopey. (Int -4) [mutagenic
                  | glow]
 64671 | Pan      | Gained mutation: You tend to lose your temper in combat.
                  | [mutagenic glow]
 64785 | Pan      | Noticed Mennas
 64804 | Pan      | Killed Mennas
 64862 | Pan      | Gained mutation: Your magical capacity is low. (-10% MP) [a
                  | neqoxec]
 64880 | Pan      | Reached skill level 11 in Throwing
 64909 | Pan      | Lost mutation: You tend to lose your temper in combat.
                  | [potion of mutation]
 64909 | Pan      | Lost mutation: Your magical capacity is low. (-10% MP)
                  | [potion of mutation]
 64909 | Pan      | Lost mutation: You are very dopey. (Int -4) [potion of
                  | mutation]
 64909 | Pan      | Gained mutation: You are highly strong-willed. (Will++)
                  | [potion of mutation]
 64914 | Pan      | Reached skill level 19 in Invocations
 64952 | Pan      | Entered the realm of Mnoleg.
 64994 | Pan      | Gained mutation: You are very dopey. (Int -4) [a cacodemon]
 64997 | Pan      | Gained mutation: Your body sometimes deteriorates upon
                  | taking damage. [a cacodemon]
 65075 | Pan      | Lost mutation: Your spells are a little harder to cast, but
                  | a little more powerful. [a cacodemon]
 65083 | Pan      | Noticed Mnoleg
 65096 | Pan      | Killed Mnoleg
 65102 | Pan      | Reached skill level 23 in Unarmed Combat
 65177 | Pan      | Got a glowing rune of Zot
 65189 | Pan      | Gained mutation: You are weak. (Str -2) [a neqoxec]
 65276 | Pan      | Noticed Lat Ceic the pandemonium lord
 65299 | Pan      | Killed Lat Ceic the pandemonium lord
 65405 | Pan      | Entered the realm of Cerebov.
 65485 | Pan      | Found the +6 sword of Cerebov {flame}
 65485 | Pan      | Noticed Cerebov
 65538 | Pan      | Reached skill level 21 in Shields
 65606 | Pan      | Reached skill level 12 in Throwing
 65634 | Pan      | Killed Cerebov
 65635 | Pan      | Reached skill level 22 in Fighting
 65635 | Pan      | Reached skill level 20 in Dodging
 65670 | Pan      | Got a fiery rune of Zot
 65704 | Pan      | Identified Sif Muna's Catalogue of Shifting Clay
 65723 | Pan      | Identified the ring "Qyfrit" {rF+ rC+ rN+ Int-3 Dex+6}
 65725 | Pan      | Identified the amulet of Cigut {Regen+ Int+3}
 65744 | Pan      | Identified the +0 pair of boots "Keomekof" {Str+6}
 66012 | Pan      | Gained mutation: Your spells are a little easier to cast,
                  | but a little less powerful. [a cacodemon]
 66024 | Pan      | Noticed Enim the pandemonium lord
 66030 | Pan      | Killed Enim the pandemonium lord
 66043 | Pan      | Entered the realm of Lom Lobon.
 66167 | Pan      | Reached skill level 13 in Throwing
 66194 | Pan      | Noticed Lom Lobon
 66207 | Pan      | Killed Lom Lobon
 66208 | Pan      | Reached skill level 17 in Spellcasting
 66230 | Pan      | Got a magical rune of Zot
 66249 | Pan      | Reached skill level 20 in Invocations
 66331 | Pan      | Entered the realm of Gloorx Vloq.
 66498 | Pan      | Noticed Gloorx Vloq
 66509 | Pan      | Killed Gloorx Vloq
 66552 | Pan      | Got a dark rune of Zot
 66721 | Pan      | Found a transporter.
 66807 | Pan      | Noticed Bualagiu the pandemonium lord
 66818 | Pan      | Killed Bualagiu the pandemonium lord
 66921 | Pan      | Noticed Civaac the pandemonium lord
 66923 | Pan      | Reached skill level 14 in Throwing
 66932 | Pan      | Killed Civaac the pandemonium lord
 66933 | Pan      | Reached skill level 22 in Shields
 67310 | Pan      | Noticed Xairyus the pandemonium lord
 67321 | Pan      | Killed Xairyus the pandemonium lord
 67506 | Pan      | Noticed Xomiph the pandemonium lord
 67509 | Pan      | Gained mutation: You tend to lose your temper in combat. [a
                  | cacodemon]
 67515 | Pan      | Gained mutation: Your magical capacity is low. (-10% MP) [a
                  | cacodemon]
 67523 | Pan      | Killed Xomiph the pandemonium lord
 67532 | Pan      | Reached skill level 21 in Invocations
 67548 | Pan      | Noticed Raogaf the pandemonium lord
 67562 | Pan      | Killed Raogaf the pandemonium lord
 67859 | Pan      | Identified the +3 spear of Caciggaa {vorpal, *Contam rF+
                  | rC+ Will+}
 68070 | Pan      | Found an exit through the horrors of the Abyss.
 68294 | Pan      | Gained mutation: Scrolls take you a little longer to read.
                  | [a cacodemon]
 68327 | Pan      | Found an exit through the horrors of the Abyss.
 68393 | Pan      | Found a runed translucent door.
 68397 | Pan      | Found a runed translucent door.
 68403 | Pan      | Found a runed translucent door.
 68405 | Pan      | Noticed Doepn the pandemonium lord
 68431 | Pan      | Killed Doepn the pandemonium lord
 68439 | Pan      | Identified the ring "Daxtuah" {+Fly Int+6}
 68444 | Pan      | Found a runed translucent door.
 68743 | Pan      | Identified the +7 tower shield of Sanuq {Rampage rF+ rCorr}
 68772 | Pan      | Reached skill level 22 in Invocations
 68877 | Pan      | Identified the +1 leather armour "Jofey" {-Cast rElec
                  | rCorr}
 68911 | Pan      | Lost mutation: Scrolls take you a little longer to read.
                  | [potion of mutation]
 68911 | Pan      | Lost mutation: You are weak. (Str -2) [potion of mutation]
 68911 | Pan      | Gained mutation: Your muscles are strong. (Str +2) [potion
                  | of mutation]
 68911 | Pan      | Gained mutation: You have large cloven feet. [potion of
                  | mutation]
 68913 | Pan      | Lost mutation: You tend to lose your temper in combat.
                  | [potion of mutation]
 68913 | Pan      | Lost mutation: You are very dopey. (Int -4) [potion of
                  | mutation]
 68913 | Pan      | Lost mutation: Your spells are a little easier to cast, but
                  | a little less powerful. [potion of mutation]
 68913 | Pan      | Lost mutation: Your magical capacity is low. (-10% MP)
                  | [potion of mutation]
 68913 | Pan      | Gained mutation: You expend magic power (3 MP) to
                  | strengthen your wands. [potion of mutation]
 68913 | Pan      | Gained mutation: You have a pair of small antennae on your
                  | head. [potion of mutation]
 68939 | Pan      | Lost mutation: Your body sometimes deteriorates upon taking
                  | damage. [potion of mutation]
 68939 | Pan      | Lost mutation: You expend magic power (3 MP) to strengthen
                  | your wands. [potion of mutation]
 68939 | Pan      | Lost mutation: You have large cloven feet. [potion of
                  | mutation]
 68939 | Pan      | Gained mutation: Your muscles are very strong. (Str +4)
                  | [potion of mutation]
 68939 | Pan      | Lost mutation: You are dopey. (Int -2) [potion of mutation]
 68939 | Pan      | Gained mutation: You have a pair of antennae on your head.
                  | [potion of mutation]
 68940 | Pan      | Lost mutation: Your skin changes colour to match your
                  | surroundings (Stealth+). [potion of mutation]
 68940 | Pan      | Lost mutation: Armour fits poorly on your strangely shaped
                  | body. [potion of mutation]
 68940 | Pan      | Lost mutation: Your muscles are very strong. (Str +4)
                  | [potion of mutation]
 68940 | Pan      | Gained mutation: You have sharp toenails. [potion of
                  | mutation]
 68940 | Pan      | Gained mutation: You are agile. (Dex +2) [potion of
                  | mutation]
 68941 | Pan      | Lost mutation: Your muscles are strong. (Str +2) [potion of
                  | mutation]
 68941 | Pan      | Lost mutation: You are agile. (Dex +2) [potion of mutation]
 68941 | Pan      | Lost mutation: You have sharp toenails. [potion of
                  | mutation]
 68941 | Pan      | Gained mutation: Your spells are a little easier to cast,
                  | but a little less powerful. [potion of mutation]
 68941 | Pan      | Gained mutation: You expend magic power (3 MP) to
                  | strengthen your wands. [potion of mutation]
 68942 | Pan      | Lost mutation: You expend magic power (3 MP) to strengthen
                  | your wands. [potion of mutation]
 68942 | Pan      | Lost mutation: You passively map a small area around you.
                  | [potion of mutation]
 68942 | Pan      | Lost mutation: You are highly strong-willed. (Will++)
                  | [potion of mutation]
 68942 | Pan      | Gained mutation: You evolve. [potion of mutation]
 68942 | Pan      | Gained mutation: You are resistant to electric shocks.
                  | (rElec) [potion of mutation]
 68943 | Pan      | Lost mutation: You are strong-willed. (Will+) [potion of
                  | mutation]
 68943 | Pan      | Lost mutation: You evolve. [potion of mutation]
 68943 | Pan      | Lost mutation: You have a pair of antennae on your head.
                  | [potion of mutation]
 68943 | Pan      | Lost mutation: Your spells are a little easier to cast, but
                  | a little less powerful. [potion of mutation]
 68943 | Pan      | Gained mutation: Your body sometimes deteriorates upon
                  | taking damage. [potion of mutation]
 68943 | Pan      | Gained mutation: Your mind is acute. (Int +2) [potion of
                  | mutation]
 68943 | Pan      | Gained mutation: You have an increased reservoir of magic.
                  | (+10% MP) [potion of mutation]
 68944 | Pan      | Lost mutation: Your body sometimes deteriorates upon taking
                  | damage. [potion of mutation]
 68944 | Pan      | Lost mutation: You have an increased reservoir of magic.
                  | (+10% MP) [potion of mutation]
 68944 | Pan      | Gained mutation: Your mind is very acute. (Int +4) [potion
                  | of mutation]
 68944 | Pan      | Gained mutation: You are clumsy. (Dex -2) [potion of
                  | mutation]
 68944 | Pan      | Gained mutation: You have a pair of antennae on your head.
                  | [potion of mutation]
 68945 | Pan      | Lost mutation: Your mind is very acute. (Int +4) [potion of
                  | mutation]
 68945 | Pan      | Lost mutation: Your mind is acute. (Int +2) [potion of
                  | mutation]
 68945 | Pan      | Gained mutation: You are robust. (+10% HP) [potion of
                  | mutation]
 68945 | Pan      | Gained mutation: Your mind is acute. (Int +2) [potion of
                  | mutation]
 68945 | Pan      | Gained mutation: Your spells are a little harder to cast,
                  | but a little more powerful. [potion of mutation]
 68946 | Pan      | Lost mutation: You are robust. (+10% HP) [potion of
                  | mutation]
 68946 | Pan      | Lost mutation: You are clumsy. (Dex -2) [potion of
                  | mutation]
 68946 | Pan      | Lost mutation: Your spells are a little harder to cast, but
                  | a little more powerful. [potion of mutation]
 68946 | Pan      | Lost mutation: You are resistant to electric shocks.
                  | (rElec) [potion of mutation]
 68946 | Pan      | Gained mutation: Your body sometimes deteriorates upon
                  | taking damage. [potion of mutation]
 68946 | Pan      | Gained mutation: You expend magic power (3 MP) to
                  | strengthen your wands. [potion of mutation]
 68947 | Pan      | Lost mutation: Your body sometimes deteriorates upon taking
                  | damage. [potion of mutation]
 68947 | Pan      | Lost mutation: You expend magic power (3 MP) to strengthen
                  | your wands. [potion of mutation]
 68947 | Pan      | Lost mutation: You have a pair of antennae on your head.
                  | [potion of mutation]
 68947 | Pan      | Gained mutation: You have large cloven feet. [potion of
                  | mutation]
 68947 | Pan      | Gained mutation: You are somewhat resistant to further
                  | mutation. [potion of mutation]
 68948 | Pan      | Lost mutation: Your mind is acute. (Int +2) [potion of
                  | mutation]
 68948 | Pan      | Lost mutation: You have a pair of small antennae on your
                  | head. [potion of mutation]
 68948 | Pan      | Gained mutation: Your flesh is cold resistant. (rC+)
                  | [potion of mutation]
 68963 | Pan      | Noticed a seraph
 68970 | Pan      | Killed a seraph
 68972 | Pan      | Reached skill level 15 in Throwing
 68981 | Pan      | Got a demonic rune of Zot
 68985 | Pan      | Identified the Compendium of the Toxic Compass
 69029 | Depths:3 | Escaped Pandemonium
 69072 | Depths:3 | Learned a level 9 spell: Shatter
 69093 | Hell     | Entered the Vestibule of Hell
 69099 | Hell     | Noticed Geryon
 69248 | Hell     | Reached skill level 23 in Shields
 69251 | Hell     | Killed Geryon
 69358 | Hell     | Found a gateway to the decaying netherworld of Tartarus.
 69375 | Tar:1    | Entered Level 1 of Tartarus
 69472 | Tar:2    | Reached skill level 23 in Invocations
 69825 | Tar:6    | Noticed an ancient lich
 69825 | Tar:6    | Noticed an ancient lich
 69837 | Tar:6    | Killed an ancient lich
 69838 | Tar:6    | Reached skill level 16 in Earth Magic
 69845 | Tar:6    | Killed an ancient lich
 69891 | Tar:7    | Entered Level 7 of Tartarus
 70114 | Tar:7    | Got a bone rune of Zot
 70205 | Hell     | Found a gateway to the freezing wastes of Cocytus.
 70214 | Coc:1    | Entered Level 1 of Cocytus
 70247 | Coc:1    | Reached skill level 24 in Invocations
 70562 | Coc:7    | Entered Level 7 of Cocytus
 70574 | Coc:7    | Reached skill level 17 in Earth Magic
 70591 | Coc:7    | Reached skill level 24 in Shields
 70651 | Coc:7    | Noticed Antaeus
 70671 | Coc:7    | Killed Antaeus
 70676 | Coc:7    | Reached skill level 25 in Invocations
 70696 | Coc:7    | Identified the Almanac of Moulding
 70699 | Coc:7    | Got an icy rune of Zot
 70737 | Coc:7    | Identified the amulet of Nopuveji {Regen+ Str+5 Dex+4
                  | Slay-2 Stlth-}
 70892 | Hell     | Found a gateway to the Iron City of Dis.
 70902 | Dis:1    | Entered Level 1 of the Iron City of Dis
 71027 | Dis:3    | Reached skill level 18 in Earth Magic
 71148 | Dis:7    | Entered Level 7 of the Iron City of Dis
 71247 | Dis:7    | Reached skill level 26 in Invocations
 71338 | Dis:7    | Found the +4 staff of Dispater
 71338 | Dis:7    | Noticed Dispater
 71346 | Dis:7    | Killed Dispater
 71368 | Dis:7    | Got an iron rune of Zot
 71369 | Dis:7    | Identified Fepaunk's Handbook of the Mountains and
                  | Transmigration
 71395 | Dis:7    | Reached skill level 25 in Shields
 71444 | Dis:7    | Reached skill level 19 in Earth Magic
 71538 | Hell     | Found a gateway to the ashen valley of Gehenna.
 71601 | Geh:1    | Entered Level 1 of Gehenna
 71658 | Geh:7    | Entered Level 7 of Gehenna
 71705 | Geh:7    | Got an obsidian rune of Zot
 72103 | Tomb:1   | Entered Level 1 of the Tomb of the Ancients
 72182 | Tomb:1   | Reached skill level 27 in Invocations
 72329 | Tomb:1   | Noticed a royal mummy
 72339 | Tomb:1   | Killed a royal mummy
 72340 | Tomb:1   | Reached skill level 20 in Earth Magic
 72345 | Tomb:1   | Noticed a royal mummy
 72352 | Tomb:1   | Killed a royal mummy
 72922 | Tomb:1   | Noticed a royal mummy
 72922 | Tomb:1   | Noticed a royal mummy
 72922 | Tomb:1   | Noticed a royal mummy
 72922 | Tomb:1   | Noticed a royal mummy
 72922 | Tomb:1   | Noticed a royal mummy
 72922 | Tomb:1   | Noticed a royal mummy
 72922 | Tomb:1   | Noticed a royal mummy
 72922 | Tomb:1   | Noticed a royal mummy
 72922 | Tomb:1   | Noticed a royal mummy
 72937 | Tomb:1   | Killed a royal mummy
 72940 | Tomb:1   | Killed a royal mummy
 72946 | Tomb:1   | Killed a royal mummy
 72950 | Tomb:1   | Killed a royal mummy
 72953 | Tomb:1   | Killed a royal mummy
 72954 | Tomb:1   | Noticed a royal mummy
 72960 | Tomb:1   | Killed a royal mummy
 72966 | Tomb:1   | Killed a royal mummy
 72967 | Tomb:1   | Reached skill level 21 in Earth Magic
 72967 | Tomb:1   | Noticed a royal mummy
 72977 | Tomb:1   | Killed a royal mummy
 72977 | Tomb:1   | Noticed a royal mummy
 72983 | Tomb:1   | Killed a royal mummy
 72990 | Tomb:1   | Killed a royal mummy
 72991 | Tomb:1   | Reached skill level 23 in Fighting
 72998 | Tomb:1   | Killed a royal mummy
 72998 | Tomb:1   | Noticed a royal mummy
 73004 | Tomb:1   | Killed a royal mummy
 73102 | Tomb:1   | Noticed a royal mummy
 73112 | Tomb:1   | Killed a royal mummy
 73127 | Tomb:1   | Killed a royal mummy
 73128 | Tomb:1   | Noticed a royal mummy
 73129 | Tomb:1   | Noticed Boris
 73134 | Tomb:1   | Killed Boris
 73142 | Tomb:1   | Killed a royal mummy
 73232 | Tomb:1   | Noticed a royal mummy
 73240 | Tomb:1   | Killed a royal mummy
 73242 | Tomb:1   | Noticed a royal mummy
 73250 | Tomb:1   | Noticed a royal mummy
 73258 | Tomb:1   | Killed a royal mummy
 73270 | Tomb:1   | Killed a royal mummy
 73271 | Tomb:1   | Reached skill level 22 in Earth Magic
 73327 | Tomb:1   | Noticed a royal mummy
 73328 | Tomb:1   | Noticed a royal mummy
 73330 | Tomb:1   | Noticed a royal mummy
 73331 | Tomb:1   | Noticed a royal mummy
 73336 | Tomb:1   | Killed a royal mummy
 73340 | Tomb:1   | Killed a royal mummy
 73341 | Tomb:1   | Noticed a royal mummy
 73356 | Tomb:1   | Killed a royal mummy
 73357 | Tomb:1   | Killed a royal mummy
 73357 | Tomb:1   | Noticed a royal mummy
 73358 | Tomb:1   | Noticed a royal mummy
 73362 | Tomb:1   | Killed a royal mummy
 73363 | Tomb:1   | Killed a royal mummy
 73365 | Tomb:1   | Killed a royal mummy
 73366 | Tomb:1   | Noticed a royal mummy
 73367 | Tomb:1   | Noticed a royal mummy
 73367 | Tomb:1   | Noticed a royal mummy
 73367 | Tomb:1   | Noticed a royal mummy
 73367 | Tomb:1   | Noticed a royal mummy
 73431 | Tomb:1   | Killed a royal mummy
 73443 | Tomb:1   | Killed a royal mummy
 73538 | Tomb:1   | Identified the +3 scale mail "Ifero" {Dex+3}
 73558 | Tomb:1   | Noticed a royal mummy
 73572 | Tomb:1   | Killed a royal mummy
 73580 | Tomb:1   | Killed a royal mummy
 73591 | Tomb:1   | Killed a royal mummy
 73601 | Tomb:1   | Killed a royal mummy
 73737 | Tomb:2   | Reached skill level 23 in Earth Magic
 73834 | Tomb:3   | Entered Level 3 of the Tomb of the Ancients
 73858 | Tomb:3   | Noticed a royal mummy
 73861 | Tomb:3   | Noticed a royal mummy
 73867 | Tomb:3   | Killed a royal mummy
 73874 | Tomb:3   | Reached skill level 24 in Fighting
 73876 | Tomb:3   | Killed a royal mummy
 73880 | Tomb:3   | Noticed a royal mummy
 73889 | Tomb:3   | Noticed a royal mummy
 73892 | Tomb:3   | Killed a royal mummy
 73892 | Tomb:3   | Noticed a royal mummy
 73894 | Tomb:3   | Noticed an ancient lich
 73894 | Tomb:3   | Noticed a royal mummy
 73895 | Tomb:3   | Noticed Khufu
 73896 | Tomb:3   | Noticed a royal mummy
 73896 | Tomb:3   | Noticed a royal mummy
 73898 | Tomb:3   | Paralysed by a Zot trap for 5 turns
 73899 | Tomb:3   | HP: 10/309 [death scarab[Khufu] (9)]
 73899 | Tomb:3   | HP: 1/309 [death scarab[Khufu] (9)]
 73900 | Tomb:3   | Slain by a death scarab

Illustrated notes

Levels and vault maps discovered:
D:1:      dpeg_arrival_lava_temple_mockup, layout_rooms, kennysheep_nondescript,
          amcnicky_mini_corridor_feature
D:2:      layout_basic, chequers_temple_overflow_statue_of_worship,
          minmay_misc_feat_enclosed, uniq_sigmund, uniq_jessica
D:3:      gammafunk_wand_slinger, layout_basic
D:4:      layout_loops_corners, uniq_blork_the_orc
D:5:      layout_basic, bloody_trog, minmay_temple_entry_stoned_glass,
          minmay_fractal_squares_gapless_5, uniq_duvessa
D:6:      minmay_razor_zed, layout_basic, hangedman_decor_growths,
          ashenzari_altar_1, uniq_maggie
D:7:      layout_gridville, serial_shops, nicolae_shop_stone,
          fedhas_bush_and_centaur_altar, uniq_crazy_yiuf_cottage, uniq_pikel
D:8:      layout_loops_ring, gammafunk_temple_overflow_elements, uniq_grum
D:9:      layout_basic, grunt_lair_entry_orc_guard_hut, kennysheep_small_circle
D:10:     layout_rooms, serial_shops, kennysheep_mini_moat, uniq_fannar
D:11:     layout_rooms, gammafunk_ghost_split
D:12:     layout_rooms, kennysheep_orc_monster_closet_entryway,
          serial_park_tiny_2
D:13:     layout_cave_pools, basic_altar, elyvilon_altar_3, uniq_kirke
D:14:     layout_basic, erik_vaults_2, roderic_lattice_a,
          ebering_dispersal_statue_hall
D:15:     hangedman_depths_entry_try_elsewhere_first, layout_grid_maze,
          dk_noncrumbling_2, minmay_misc_feat_cross,
          nicolae_qazlal_style_of_elements
Temple:   eino_temple_scatter_basement
Lair:1:   layout_chaotic_city, nicolae_quartered_pool_little
Lair:2:   nzn_winding_woodlands_three_and_one
          [nzn_winding_woodlands_5x15_garden,
          nzn_winding_woodlands_5x15_default,
          nzn_winding_woodlands_5x15_default,
          nzn_winding_woodlands_center_diamonds], layout_gridlike,
          nicolae_spider_entry_tight_spaces
Lair:3:   lemuel_ratsnest, layout_chaotic_city, gauntlet_entry_generic,
          infiniplex_staircase_pool, uniq_nergalle
Lair:4:   layout_roguey, minmay_shoals_entry_beasts, lookout_lair_type,
          nzn_masters_of_martial_movement, uniq_rupert
Lair:5:   layout_layer_cave, minivault_26, lemuel_fruit_tree,
          serial_bayou_shore_b
Lair:6:   hangedman_lair_tendril_chambers, layout_hall_layers,
          guppyfry_lair_end_dragon, slime_altar_1, basic_altar
Shoals:1: layout_shoals, st_cyclops
Shoals:2: layout_shoals, uniq_donald
Shoals:3: layout_shoals, serial_shops, nicolae_shop_statue_plus,
          uniq_polyphemus, uniq_aizul
Shoals:4: shoals_end_simple, layout_shoals, nicolae_shoals_cliffside_cave,
          nicolae_shoals_square_sea_wall, nicolae_shoals_hunting_party
Spider:1: layout_spider_delve, drop_trap, minmay_another_anthill
Spider:2: layout_spider_delve, nicolae_spider_cling_ruins
Spider:3: layout_spider_delve
Spider:4: grunt_spider_rune_parallel
Slime:1:  layout_caves
Slime:2:  cheibrodos_slime_lost_civilization_1, layout_caves,
          cheibrodos_slime_lost_civilization_4
Slime:3:  layout_caves, nicolae_slime_round_cave
Slime:4:  layout_caves, amcnicky_altar_lugonu_corruption
Slime:5
Orc:1:    layout_caves, serial_shops, shop, mines4_lemuel, uniq_maurice
Orc:2:    st_orc_pillars, layout_caves, ebering_ghost_disaster_area,
          serial_shops, nicolae_shop_waterfront, shop, shop_scrolls,
          lightli_orcish_oven
Elf:1:    layout_geoelf_diagonals, orc_legates, hangedman_elf_power_crystal,
          minivault_8
Elf:2:    layout_geoelf_diagonals, small_statue_intersection, minivault_16
Elf:3:    minmay_elf_hall_curves, layout_geoelf_castle, corexii_hall_statues_t,
          nicolae_elf_big_sculpture_3, minmay_elf_demonology, uniq_bai_suzhen
Vaults:1: st_star, hangedman_vaults_nails, nicolae_vaults_little_squares_4,
          grunt_vaults_hallway_long, nicolae_vaults_windows_and_doors_thing,
          ontoclasm_vaults_eye, nicolae_vaults_little_squares_4,
          nicolae_vaults_yaktaur_gun_rack, layout_vaults_omnigrid, serial_shops,
          nicolae_shop_trees, uniq_asterion
Vaults:2: vaults_dpeg_cross, nicolae_vaults_three_branches, v_misc_4,
          hangedman_vaults_slice, layout_vaults_omnicross, basic_altar
Vaults:3: ontoclasm_vaults_shuriken, dpeg_vaults_monster_box,
          nicolae_vaults_network_quinsquares
          [nicolae_vaults_network_quincunx_subvault,
          nicolae_vaults_network_quincunx_subvault,
          nicolae_vaults_network_quincunx_subvault,
          nicolae_vaults_network_quincunx_subvault],
          nicolae_vaults_display_case, nicolae_vaults_ring_of_whatevers,
          ontoclasm_vaults_pinch, minmay_crypt_entry_simple_box,
          ontoclasm_vaults_idyll, vaults_mumra_chevron, v_rooms_2,
          ontoclasm_vaults_hangar, nicolae_vaults_alarming, v_misc_29,
          grunt_vaults_funnel, hangedman_vaults_impose,
          ontoclasm_vaults_ring_large, vaults_room_grid,
          ontoclasm_vaults_decontamination, layout_vaults_maze_bifur
Vaults:4: hangedman_vaults_hard_town_square, nicolae_vaults_little_squares_4,
          v_misc_26, v_misc_5, hangedman_vaults_cutoff,
          layout_vaults_chaotic_city
Vaults:5
Crypt:1:  layout_misc_corridors
Crypt:2:  layout_gridlike, lemuel_hellish_altar, grunt_megastairs_1
Crypt:3:  due_elkab, layout_chaotic_city, nicolae_tomb_entry_rubble_hallway,
          st_shrine_of_skulls, uniq_frederick
Tomb:1
Tomb:2
Tomb:3
Depths:1: layout_cave_pools, abyss_entry, grunt_decor_arrowhead,
          grunt_metal_band, chequers_serial_rivers_room_b, hex_tiny,
          nrook_campfire, cheibriados_altar_1
Depths:2: evilmike_diamond_2, layout_gridlike, mu_enter_wizlab_3, hell_entry,
          serial_sigils, serial_sigils_hangedman_quiver,
          serial_sigils_hangedman_scratch, serial_sigils_hangedman_shear,
          serial_sigils_hangedman_etch, serial_sigils_hangedman_shear,
          serial_sigils_hangedman_gut, abyss_entry, old_standard_altar,
          uniq_enchantress
Depths:3: minmay_the_grid_triangle_9x9_recursive_3_mashed
          [minmay_the_grid_triangle_9x9_from_above,
          minmay_the_grid_triangle_9x9_windchime,
          minmay_the_grid_triangle_9x9_fully_insulated_deathbox,
          minmay_the_grid_triangle_9x9_prize_top_heavy,
          minmay_the_grid_triangle_9x9_minimal,
          minmay_the_grid_triangle_9x9_zippers_vertical,
          minmay_the_grid_triangle_9x9_cache,
          minmay_the_grid_triangle_9x9_sparse_checkered,
          minmay_the_grid_triangle_9x9_intruding_spiral], layout_gridlike,
          enter_ziggurat_c, serial_shops, bzr_entry_dummy,
          minmay_misc_feat_hallway, pan_entry, hell_entry,
          minmay_misc_feat_columns, hangedman_abyss_or_decor_passed,
          serial_bayou_lagoon_b, uniq_boris
Depths:4: minmay_bubble_buster, layout_gridlike, pf_hell_entry_tar_river,
          abyss_entry, uniq_sojobo
Depths:5: grunt_zot_entry_funnels, layout_gridlike, hell_entry,
          minmay_hedge_maze, grunt_ministairs_10, serial_sigils_hangedman_snap,
          drop_trap
Hell
Dis:1:    kennysheep_iron_temple, layout_regular_city
Dis:2:    layout_regular_city, nicolae_dis_iron_filings
Dis:3:    layout_regular_city, hangedman_feature_mirror
Dis:4:    layout_gridville
Dis:5:    layout_overlapping_boxes, hangedman_dis_decor_blocks_talon,
          hangedman_dis_decor_blocks_crown
Dis:6:    layout_gridville
Dis:7:    dis_grunt_layers
Geh:1:    layout_gehenna_pools_box, evilmike_ambush
          [evilmike_ambush_outer_basic, evilmike_ambush_inner_basic],
          grunt_megastairs_5
Geh:2:    layout_gehenna_lava_caves, lemuel_hellion_isle
Geh:3:    layout_gehenna_lava_caves
Geh:4:    layout_gehenna_lava_caves, lemuel_elevator
Geh:5:    layout_gehenna_lava_caves
Geh:6:    layout_gehenna_pools_box
Geh:7:    evilmike_geh
Coc:1:    layout_cocytus_water_paths
Coc:2:    layout_ice_bergs
Coc:3:    layout_cocytus_delve, serial_ice, serial_ice_o, serial_ice_k,
          serial_ice_b, serial_ice_f
Coc:4:    layout_ice_bergs
Coc:5:    layout_cocytus_delve, minmay_fire_ice_demons
Coc:6:    layout_ice_bergs
Coc:7:    coc_grunt_cove [coc_grunt_cove_antaeus, coc_grunt_cove_fiend,
          coc_grunt_cove_fiend, coc_grunt_cove_fiend, coc_grunt_cove_fiend]
Tar:1:    layout_cathedral_of_symmetry, nicolae_tar_cuneiform_water
Tar:2:    layout_cathedral_of_symmetry, grunt_tartarus_stairs_gauntlet_trap
Tar:3:    layout_honeycomb, grunt_megastairs_4
Tar:4:    layout_catacombs, hangedman_snap_crack_crunch
Tar:5:    layout_honeycomb
Tar:6:    grunt_deathspiral_small, layout_cathedral_of_symmetry,
          lemuel_nasty_pond
Tar:7:    tar_old

Skill      XL: |  1  2  3  4  5  6  7  8  9 10 11 12 13 14 15 16 17 18 19 20 21 22 23 24 25 26 27 |
---------------+----------------------------------------------------------------------------------+-----
Stealth        | 2 3 |  3.0
Conjurations   | 2 6 |  6.0
Fighting       | 1 2 3 5 6 7 9 10 11 12 13 14 15 18 20 24 | 24.1
Unarmed Combat | 3 4 5 6 7 9 10 11 12 13 14 15 16 17 18 19 20 23 | 23.9
Dodging        | 2 3 4 6 8 11 13 14 20 | 20.5
Armour         | 1 3 4 6 |  6.5
Invocations    | 1 3 5 7 9 10 11 13 15 27 | 27.0
Evocations     | 2 4 5 6 8 10 12 | 12.0
Shields        | 2 4 5 8 9 10 11 12 13 14 15 25 | 25.0
Throwing       | 4 6 8 9 15 | 15.0
Transmutations | 5 7 9 11 12 15 | 15.0
Earth Magic    | 5 7 9 11 13 14 15 23 | 23.4
Spellcasting   | 4 5 7 8 9 17 | 17.4
Translocations | 4 7 10 | 10.0
Necromancy     | 6 10 | 10.2
Fire Magic     | |  2.6

Action                   |  1- 3 |  4- 6 |  7- 9 | 10-12 | 13-15 | 16-18 | 19-21 | 22-24 | 25-27 || total
-------------------------+-------+-------+-------+-------+-------+-------+-------+-------+-------++-------
Melee: Dagger            |     3 |       |       |       |       |       |       |       |       ||     3
       Unarmed           |       |    50 |   291 |   558 |  1057 |  1302 |  1025 |  1000 |  5045 || 10328
       Punch             |       |       |     5 |       |       |       |       |       |     8 ||    13
       Kick              |       |       |       |       |       |       |       |       |   402 ||   402
       Tailslap          |       |       |       |       |       |       |       |       |    17 ||    17
       Bite              |       |       |       |       |       |       |       |       |    12 ||    12
Throw: Dart              |       |       |     3 |       |       |       |       |       |     3 ||     6
       Boomerang         |       |       |       |       |   133 |   367 |    51 |    80 |    13 ||   644
       Javelin           |       |       |       |       |    14 |       |       |       |    25 ||    39
 Cast: Foxfire           |    55 |    67 |     4 |       |       |       |       |       |       ||   126
       Statue Form       |       |       |       |       |       |       |    59 |    68 |   179 ||   306
       Passwall          |       |       |       |       |       |       |       |     1 |    24 ||    25
       Manifold Assault  |       |       |       |       |       |       |       |       |   753 ||   753
       Sublimation of Bl |       |       |       |       |       |       |       |       |    55 ||    55
       Dragon Form       |       |       |       |       |       |       |       |       |    31 ||    31
       Apportation       |       |       |       |       |       |       |       |       |    37 ||    37
       Irradiate         |       |       |       |       |       |       |       |       |    26 ||    26
       Shatter           |       |       |       |       |       |       |       |       |    19 ||    19
       Passage of Golubr |       |       |       |       |       |       |       |       |     7 ||     7
       Borgnjor's Vile C |       |       |       |       |       |       |       |       |     7 ||     7
       Lesser Beckoning  |       |       |       |       |       |       |       |       |     2 ||     2
Invok: Line Pass         |       |       |       |     1 |       |       |       |       |       ||     1
       Stomp             |       |       |       |     5 |     1 |       |       |       |       ||     6
       Greater Servant o |       |       |       |       |       |     4 |       |       |     2 ||     6
       Lesser Servant of |       |       |       |       |       |     2 |       |       |       ||     2
 Abil: End Transformatio |       |       |       |       |       |       |       |     1 |    26 ||    27
Evoke: Wand              |       |     2 |     1 |     5 |    11 |     8 |     3 |     1 |     8 ||    39
       Condenser vane    |       |       |       |       |     2 |     3 |     2 |     1 |    20 ||    28
       Tin of tremorston |       |       |       |       |       |     3 |     8 |     4 |    26 ||    41
       Phial of floods   |       |       |       |       |       |       |       |     2 |       ||     2
       Box of beasts     |       |       |       |       |       |       |       |     1 |     1 ||     2
       Phantom mirror    |       |       |       |       |       |       |       |       |     1 ||     1
  Use: Scroll            |       |     4 |     8 |    13 |     6 |     4 |     7 |     7 |    47 ||    96
       Potion            |       |       |       |     2 |     1 |     4 |       |       |    55 ||    62
 Stab: Sleeping          |       |     1 |       |     4 |     6 |       |     5 |     3 |    16 ||    35
       Paralysed         |       |       |    12 |    21 |    28 |     1 |     5 |    10 |    57 ||   134
       Distracted        |       |       |       |       |     2 |     1 |     2 |       |    11 ||    16
       Invisible         |       |       |       |       |       |       |       |       |     4 ||     4
       Petrified         |       |       |       |       |       |       |       |       |     2 ||     2
Armor: Robe              |     3 |       |       |       |       |       |     1 |     1 |     8 ||    13
       Scale mail        |       |    13 |    21 |       |       |       |       |       |       ||    34
       Chain mail        |       |       |    16 |       |       |       |       |       |       ||    16
       Swamp dragon scal |       |       |    41 |   139 |   154 |       |       |       |       ||   334
       Plate armour      |       |       |       |       |   127 |   814 |       |       |       ||   941
       Gold dragon scale |       |       |       |       |       |    19 |   322 |       |       ||   341
       Skin              |       |       |       |       |       |       |   310 |   377 |  1164 ||  1851
Dodge: Dodged            |    19 |    16 |   135 |   279 |   482 |   645 |   498 |   733 |  4813 ||  7620
       Repelled          |       |       |     1 |       |     3 |     6 |    12 |    22 |    69 ||   113
Block: Other             |       |     4 |    10 |       |       |       |       |       |       ||    14
       Buckler           |       |       |    23 |   150 |       |       |       |       |       ||   173
       Reflection        |       |       |       |     3 |       |       |       |       |       ||     3
       Kite shield       |       |       |       |    37 |   612 |  1023 |   778 |  1029 |  1499 ||  4978
       Tower shield      |       |       |       |       |       |       |       |       |  4261 ||  4261

Table legend: (Time is in decaauts)
 A = Elapsed time spent in this place.
 B = Non-inter-level travel time spent in this place.
 C = Inter-level travel time spent in this place.
 D = Time resting spent in this place.
 E = Time spent auto-exploring this place.
 F = Levels seen in this place.
 G = Mean time per level.
                   A        B        C        D        E       F      G
               +--------+--------+--------+--------+--------+-----+--------+
         Total |  79073 |  72031 |   7042 |   5107 |  41918 | 150 |  527.2 |
       Dungeon |  15853 |  13308 |   2545 |   1005 |   9219 |  15 | 1056.9 |
        Temple |    258 |    221 |     37 |      0 |    199 |   1 |  258.0 |
          Lair |   9477 |   8335 |   1142 |   1326 |   5777 |   6 | 1579.5 |
        Shoals |   4457 |   4251 |    206 |     16 |   3156 |   4 | 1114.2 |
   Spider Nest |   5247 |   4966 |    281 |    462 |   3294 |   4 | 1311.8 |
    Slime Pits |    930 |    840 |     90 |    191 |    112 |   5 |  186.0 |
  Orcish Mines |   2891 |   2235 |    656 |     39 |   1481 |   2 | 1445.5 |
   Elven Halls |   4362 |   4076 |    286 |     39 |   3025 |   3 | 1454.0 |
        Vaults |   8020 |   7009 |   1011 |    237 |   5276 |   5 | 1604.0 |
         Crypt |   4163 |   3859 |    304 |    249 |   2416 |   3 | 1387.7 |
          Tomb |   2236 |   2186 |     50 |    281 |   1208 |   3 |  745.3 |
        Depths |   6618 |   6190 |    428 |    162 |   4387 |   5 | 1323.6 |
          Hell |    437 |    437 |      0 |    106 |      0 |   1 |  437.0 |
           Dis |    645 |    645 |      0 |      3 |      0 |   7 |   92.1 |
       Gehenna |    150 |    150 |      0 |     39 |      0 |   7 |   21.4 |
       Cocytus |    614 |    614 |      0 |      2 |      0 |   7 |   87.7 |
      Tartarus |    904 |    904 |      0 |     64 |      0 |   7 |  129.1 |
         Abyss |    132 |    132 |      0 |      0 |      0 |   2 |   66.0 |
   Pandemonium |   5653 |   5653 |      0 |    483 |     40 |  33 |  171.3 |
      Ziggurat |   4602 |   4602 |      0 |    310 |   1559 |  27 |  170.4 |
        Bazaar |    133 |    133 |      0 |      0 |     62 |   1 |  133.0 |
        Wizlab |    531 |    531 |      0 |      0 |    292 |   1 |  531.0 |
      Gauntlet |    749 |    749 |      0 |     89 |    410 |   1 |  749.0 |
               +--------+--------+--------+--------+--------+-----+--------+

Top non-repeatable levels by time:
  Lair:6: 2784 daAuts
 Crypt:3: 2151 daAuts
   Elf:3: 2052 daAuts
  Tomb:1: 1994 daAuts
Vaults:1: 1950 daAuts
   Orc:2: 1847 daAuts
Vaults:4: 1811 daAuts
Spider:3: 1802 daAuts
Depths:3: 1707 daAuts
Depths:2: 1694 daAuts
  Lair:5: 1669 daAuts
   Elf:1: 1578 daAuts
Vaults:3: 1514 daAuts
    D:15: 1492 daAuts
Vaults:5: 1467 daAuts
